Cogmind - Beta 16.1 @@@ ROGUE MODE // 2026.04.14 @ 20:08:14 Player: f3-rnm Result: Self-destructed Performance ------------- Evolutions (9) 4500 Regions Visited (29) 5800 Robots Destroyed (611) 3055 Value Destroyed (32997) 32997 Prototype IDs (151) 3020 Alien Tech Used (8) 1600 Bonus (34838) 34838 TOTAL SCORE: 85810 Bonus ------- Triggered High Security 1000 High Alert Combat Kills 20275 Follower Combat Kills 6695 Hunted by Unchained 500 Destroyed Unchained 1000 Awakened Behemoth Slayer 1000 Met Data Miner 300 Met Imprinter 300 Was Imprinted 300 Met Zhirov 300 Met Warlord at Base 500 MAIN.C Attacked Warlord 500 Warlord Defense Kills 4222 Scanned by Researcher 500 Destroyed MAIN.C Guards 500 Friendly Fire -3054 Cogmind --------- Core Integrity 506/1600 Matter 187/300 Energy 0/700 System Corruption 31% Temperature Hot (226) Movement Hovering (58) Location -1/Command Parts ------- > --- POWER (3) -------- (None) > --- PROPULSION (8) --- Improved Gyrokinetic Inverter Improved Gyrokinetic Inverter Concept Gyrokinetic System (fused) > --- UTILITY (12) ----- Concept Antigrav Storage Unit Experimental Energy Well Experimental Targeting Computer Concept Cloak Mesh Thermal Barrier Advanced Corruption Screen Crosscalibrator > --- WEAPON (2) ------- (None) > --- INVENTORY (25) --- Zionite Heavy DM Reactor Coolant Network Experimental Energy Well (600) Concept Chromion Battery (800) Concept Chromion Battery (800) Concept NT7 Matterbank (750) Concept NT7 Matterbank (750) Matter Filter Advanced Particle Charger Quantum Capacitor Concept Matter Streamer Transdimensional Reconstructor Gamma Rifle Experimental Jetlance Peak State ------------ > --- POWER ------------ Concept Zero-point Core Concept Zero-point Core > --- PROPULSION ------- Experimental Antigrav System Gravjet Array Concept Combat Aerolev Unit Concept Combat Aerolev Unit Concept Combat Aerolev Unit Concept Gyrokinetic System Concept Gyrokinetic System > --- UTILITY ---------- Concept Antigrav Storage Unit Improved Launcher Guidance Computer Concept Weapon Articulator Core Analyzer Femtoactuators Concept Reaction Jets Concept Cloak Mesh Concept Cloak Mesh Advanced Force Field Crosscalibrator Concept Navigation Harness > --- WEAPON ----------- Concept Plasma Driver Experimental Jetlance > --- INVENTORY -------- Experimental Antimatter Reactor Experimental Antimatter Reactor Concept Zero-point Core Experimental Antigrav System Gravjet Array Gravjet Array Concept Chromion Battery Concept Chromion Battery Concept NT7 Matterbank Concept NT7 Matterbank Experimental Force Field Concept Matter Streamer Concept Impact Drone Bay Concept Impact Drone Bay Transdimensional Reconstructor Concept Plasma Driver Gamma Bomb Array Concept Rapid Grenade Launcher Concept Rapid Grenade Launcher Concept Tiamat Rocket Array Concept Tiamat Rocket Array Experimental Jetlance [Rating: 287] Favorites ----------- Power Concept Zero-point Core Engine Ion Engine Power Core Concept Zero-point Core Reactor Vortex Chain Reactor Propulsion Light Treads Treads Light Treads Leg Myomer Leg Wheel Armored Huge Wheel Hover Unit Combat Airjet Utility Core Analyzer Device Advanced Transmission Jammer Storage Large Storage Unit Processor Core Analyzer Hackware Hacking Suite Protection Improved Medium Armor Plating Weapon Improved Assault Rifle Energy Gun Medium Laser Energy Cannon Concept Plasma Driver Ballistic Gun Improved Assault Rifle Ballistic Cannon Perforator Launcher Precision Grenade Launcher Special Weapon Remote Datajack Slashing Weapon Phasing Sabre Piercing Weapon Experimental Jetlance Build | -11 -10 -10 -9 -9 -7 -6 -6 -6 -6 -6 -6 -6 -5 -5 -5 -5 -4 -4 -4 -4 -4 -3 -3 -3 -2 -2 -2 -1 -1 ------- Run | Yrd Mat Min Mat Min Zio Pro Fac Was Fac Low Low Dat Pro Fac Upp War Pro Fac Upp Upp Zhi Pro Res Tes Res Qua Frg Acc Com Slots Evolved 18 | . . . 2 . . . 6 . . . . . . 2 . . . 2 . . . . 2 . 2 . . 2 . Power 2 | . . . . . . . . . . . . . . 1 . . . . . . . . . . . . . 1 . Propulsion 6 | . . . 1 . . . 3 . . . . . . 1 . . . . . . . . 1 . . . . . . Utility 10 | . . . 1 . . . 3 . . . . . . . . . . 2 . . . . 1 . 2 . . 1 . Weapon . | . . . . . . . . . . . . . . . . . . . . . . . . . . . . . . Parts Attached 324 | 6 1 3 10 2 4 11 22 1 1 1 1 . 5 6 2 11 4 22 . . 5 2 15 8 36 10 55 29 51 Power 41 | 1 . . 1 . 1 3 2 . . . . . . 1 . 1 . 1 . . 1 . 1 1 9 1 8 4 5 Engine 5 | 1 . . 1 . 1 1 1 . . . . . . . . . . . . . . . . . . . . . . Core 6 | . . . . . . 1 1 . . . . . . 1 . . . . . . . . . . . . 2 1 . Reactor 30 | . . . . . . 1 . . . . . . . . . 1 . 1 . . 1 . 1 1 9 1 6 3 5 Propulsion 73 | 2 . 1 3 . 1 3 13 . . . . . . 1 2 1 1 1 . . . . 4 . 9 4 12 3 12 Treads 9 | 2 . 1 3 . 1 2 . . . . . . . . . . . . . . . . . . . . . . . Leg 1 | . . . . . . . . . . . . . . . . . . . . . . . . . . . . . 1 Wheel 1 | . . . . . . 1 . . . . . . . . . . . . . . . . . . . . . . . Hover 62 | . . . . . . . 13 . . . . . . 1 2 1 1 1 . . . . 4 . 9 4 12 3 11 Flight . | . . . . . . . . . . . . . . . . . . . . . . . . . . . . . . Utility 161 | 1 . . 3 2 2 1 5 1 . . . . 4 1 . 7 2 16 . . 4 2 7 5 15 4 28 20 31 Device 94 | . . . 1 1 . 1 2 . . . . . 3 . . 5 2 9 . . 2 1 7 4 7 2 13 14 20 Storage 16 | 1 . . 1 . . . 2 . . . . . . 1 . 1 . 1 . . 1 . . . 1 1 5 . 1 Processor 19 | . . . . . . . 1 . . . . . . . . 1 . 4 . . . . . . 3 1 3 2 4 Hackware 4 | . . . . . 1 . . . . . . . . . . . . . . . . . . . . . . . 3 Protection 28 | . . . 1 1 1 . . 1 . . . . 1 . . . . 2 . . 1 1 . 1 4 . 7 4 3 Artifact . | . . . . . . . . . . . . . . . . . . . . . . . . . . . . . . Weapon 49 | 2 1 2 3 . . 4 2 . 1 1 1 . 1 3 . 2 1 4 . . . . 3 2 3 1 7 2 3 Energy Gun 4 | 1 1 . . . . . . . . . . . . . . . . . . . . . . . . . . . 2 Energy Cannon 4 | . . . . . . . . . . . . . . . . 1 . . . . . . . . 1 . 2 . . Ballistic Gun 9 | 1 . 2 2 . . 2 . . . . . . . . . . 1 1 . . . . . . . . . . . Ballistic Cannon 1 | . . . . . . . . . . . . . . . . . . . . . . . . 1 . . . . . Launcher 19 | . . . 1 . . 2 . . 1 1 1 . . 3 . 1 . . . . . . . 1 2 . 3 2 1 Special Weapon 2 | . . . . . . . 1 . . . . . . . . . . 1 . . . . . . . . . . . Impact Weapon . | . . . . . . . . . . . . . . . . . . . . . . . . . . . . . . Slashing Weapon 3 | . . . . . . . . . . . . . 1 . . . . 1 . . . . . . . 1 . . . Piercing Weapon 7 | . . . . . . . 1 . . . . . . . . . . 1 . . . . 3 . . . 2 . . Special Melee Weapon . | . . . . . . . . . . . . . . . . . . . . . . . . . . . . . . Unidentified Prototypes 52 | . . . 1 1 . . 2 . 1 . . . . 1 . 6 . 5 . . 5 . 2 5 6 2 9 4 2 Corrupted Parts 7 | . . . . . . 1 . . . . . . . . . . . 1 . . . . . . . . 2 3 . System Corruption 44 | . . . . . . 5 . . . . . . . . . . . 4 . . . . . . . . 11 24 . Parts Lost 121 | . 2 4 1 1 . 7 . . . . . . 3 . . 3 2 5 . . . 2 1 2 15 . 18 18 37 Power 9 | . . 1 . . . 2 . . . . . . . . . . . . . . . . . . . . . 2 4 Propulsion 32 | . 1 1 1 . . 3 . . . . . . 1 . . . . 1 . . . . . 1 5 . 6 1 11 Utility 63 | . . . . 1 . . . . . . . . 2 . . 2 2 4 . . . 2 1 1 9 . 11 11 17 Weapon 17 | . 1 2 . . . 2 . . . . . . . . . 1 . . . . . . . . 1 . 1 4 5 Highest Loss Streak 10 | . 1 2 1 1 . 6 . . . . . . 2 . . 2 2 3 . . . 2 1 2 4 . 4 6 10 To Critical Strikes 1 | . . . . . . . . . . . . . . . . . . . . . . . . . . . 1 . . Average Backups 16 | 1 6 7 14 23 24 23 8 9 9 9 8 9 8 10 13 13 13 12 13 13 13 13 13 13 13 13 17 22 22 Power 1 | . 1 1 . 1 . 1 1 1 1 1 1 1 1 . 1 1 1 . 1 1 . . . . . 1 3 2 2 Propulsion 3 | . 4 5 5 7 8 7 1 2 2 2 2 2 1 2 2 2 3 1 1 1 1 2 1 . . . 2 3 1 Utility 6 | . . . . 3 6 7 4 4 4 4 3 4 3 5 6 5 5 6 8 8 8 7 7 7 6 4 6 10 14 Weapon 4 | . . 1 7 11 8 6 1 2 2 2 2 2 2 2 4 3 3 3 3 3 3 3 4 4 4 4 3 5 2 Tool/Special . | . . . . . . . . . . . . . . . . . . . . . . . . . . . . . . Unused Backups 54 | . . 1 . . 4 5 4 . 2 . 1 . 3 . 1 3 . 7 . . 1 . . . 1 4 7 1 9 Power 9 | . . . . . . . 1 . 1 . . . 1 . . . . 2 . . . . . . . . 2 1 1 Propulsion 10 | . . 1 . . . 1 1 . . . . . . . . 1 . 2 . . . . . . . 1 2 . 1 Utility 21 | . . . . . . 3 1 . 1 . 1 . 1 . 1 1 . 3 . . 1 . . . . . 2 . 6 Weapon 11 | . . . . . 4 1 1 . . . . . 1 . . 1 . . . . . . . . 1 1 1 . . Tool/Special 3 | . . . . . . . . . . . . . . . . . . . . . . . . . . 2 . . 1 Average Slot Usage (%) 90 | . 85 80 97 93 92 96 92 93 93 93 93 93 92 86 85 85 86 92 94 94 95 90 90 93 85 92 90 85 78 Engine 3 | . 14 14 10 11 11 2 2 6 6 6 6 6 6 5 5 1 . . . . . . . . . . . . . Core 1 | . . . . . . . 3 . . . . . . 4 5 1 . . . . . . . . . . 2 7 4 Reactor 3 | . . . . . . 7 . . . . . . . . . 3 5 4 5 5 8 10 9 9 7 8 5 3 4 Treads 9 | . 28 24 32 33 33 29 . . . . . . . . . . . . . . . . . . . . . . . Hover 22 | . . . . . . . 32 33 33 33 33 33 32 29 32 35 41 36 36 36 33 31 32 32 31 34 32 25 23 Device 14 | . . . 10 5 . 7 14 13 13 13 13 13 12 11 11 17 20 21 21 21 21 19 23 31 21 13 12 25 23 Storage 6 | . 14 14 11 11 11 11 6 6 6 6 6 6 6 5 5 5 5 5 5 5 5 5 4 4 4 4 6 4 5 Processor 6 | . . . . . . . 4 6 6 6 6 6 6 5 5 5 5 12 10 10 10 10 8 4 5 17 15 8 5 Hackware 2 | . . . . . 4 11 6 6 6 6 6 6 6 5 5 1 . . . . . . . . . . . . 2 Protection 5 | . . . 9 11 11 2 5 6 6 6 6 6 5 5 5 2 1 . 5 5 3 4 1 . 5 7 7 4 1 Ballistic Gun 6 | . 10 17 19 19 22 21 1 . . . . . . . . . 3 4 . . . . . . . . . . . Launcher 1 | . . . 2 2 . . 5 . 4 12 11 13 8 . . 4 . . . . . 1 . . 1 . . 1 . Piercing Weapon 2 | . . . . . . . 4 6 6 . 1 . 2 4 5 1 . . 5 5 5 3 6 7 4 1 2 3 4 Peak Build Rating 287 | 6 6 7 17 24 24 42 68 68 69 69 70 70 74 85 83 112 112 132 130 130 130 124 151 169 175 190 275 287 242 Average Rating 110 | 5 5 5 13 16 19 34 61 67 68 67 68 70 71 80 81 98 104 126 130 130 124 118 141 153 159 179 204 249 198 On Entrance 92 | . 6 5 5 17 17 24 42 68 67 69 67 70 70 71 81 82 97 107 130 130 130 124 113 151 164 166 190 275 232 Avg Prop Armor Cover (%) 2 | . 12 . . . . 10 2 2 2 1 1 1 1 . 2 1 1 2 . . 2 . 4 4 2 2 2 7 3 Naked Turns . | . . . . . . . . . . . . . . . . . . . . . . . . . . . . . . Heaviest Build 131 | 13 14 14 100 100 98 105 35 36 39 42 44 42 45 52 51 81 80 84 87 87 83 86 79 112 110 106 131 127 119 Greatest Support 134 | 40 40 40 60 60 60 62 65 49 53 49 49 49 64 76 76 86 88 88 88 88 88 88 105 105 117 107 134 128 119 Greatest Overweight (x) 3 | . . . 1 1 1 3 . . . . . . . . . . . 1 . . . . . 1 1 . 1 1 1 Average Overweight (x) . | . . . . 1 1 1 . . . . . . . . . . . . . . . . . . . . . . . Largest Inventory Capacity 25 | 8 8 8 25 25 25 25 25 10 10 10 10 10 10 15 15 15 15 15 15 15 15 15 15 15 15 15 25 25 25 Average Capacity 18 | 7 8 8 22 25 25 25 9 10 10 10 10 10 10 11 15 15 15 15 15 15 15 15 15 15 15 15 21 25 25 Most Carried 25 | 3 8 8 21 25 25 25 21 10 10 10 10 10 10 14 15 15 15 15 15 15 15 15 15 15 15 15 25 25 25 Average Carried 17 | 1 6 7 14 23 24 24 9 10 9 10 9 10 9 10 14 14 13 14 15 15 14 14 14 14 14 14 19 24 23 Final Capacity 25 | 8 8 8 25 25 25 25 10 10 10 10 10 10 10 15 15 15 15 15 15 15 15 15 15 15 15 15 25 25 25 Final Carried 25 | 3 7 8 21 25 25 22 10 10 10 10 10 10 10 14 15 14 15 15 15 15 15 15 15 15 15 15 25 23 16 Class Distribution -------------------- 53% | Mutant 18% | Scavenger-Mutant 8% | Scavenger-Sprinter 4% | Gladiator 4% | Messiah-Mutant Dominant Class ---------------- Mutant | -10/Materials Mutant | -10/Mines Mutant | -9/Materials Mutant | -9/Mines Mutant | -7/Zion Mutant | -6/Proximity Caves Mutant | -6/Factory Mutant | -6/Waste Mutant | -6/Factory Mutant | -6/Lower Caves Mutant | -6/Lower Caves Mutant | -6/Data Miner Commander-Mutant | -5/Proximity Caves Mutant | -5/Factory Mutant | -5/Upper Caves Mutant | -5/Warlord Scavenger-Mutant | -4/Proximity Caves Scavenger-Mutant | -4/Factory Scavenger-Mutant | -4/Upper Caves Scavenger-Mutant | -4/Upper Caves Mutant | -4/Zhirov Mutant | -3/Proximity Caves Gladiator | -3/Research Gladiator | -3/Testing Mutant | -2/Research Messiah-Mutant | -2/Quarantine Scavenger-Mutant | -2/Protoforge Scavenger-Sprinter | -1/Access Scavenger-Sprinter | -1/Command Resources | -11 -10 -10 -9 -9 -7 -6 -6 -6 -6 -6 -6 -6 -5 -5 -5 -5 -4 -4 -4 -4 -4 -3 -3 -3 -2 -2 -2 -1 -1 ----------- Run | Yrd Mat Min Mat Min Zio Pro Fac Was Fac Low Low Dat Pro Fac Upp War Pro Fac Upp Upp Zhi Pro Res Tes Res Qua Frg Acc Com Matter Collected 29744 | 237 . 118 303 379 176 588 435 10 324 46 436 . 685 161 38 1692 529 1914 34 85 100 327 247 843 2503 807 7932 7658 1137 Remotely 6486 | . . . . . . . . . . . . . . . . 1098 . . . . . . . . 193 . 1825 3156 214 Salvage Created 27853 | . . 86 361 260 . 457 239 . 361 50 194 . 960 311 . 774 308 1529 10 103 128 469 653 1178 2087 411 5686 6775 4463 Parts 1167 | . . 10 33 20 . 29 10 . 9 6 6 . 40 22 . 24 23 61 1 7 2 15 17 53 105 24 250 239 161 Haulers Intercepted 14 | . . . 1 . . . 1 . 1 . . . . 1 . . . 2 . . . . . 1 1 1 . 5 . Recyclers Shooed 8 | . . 1 . . . . . . . . . . . . . . . 1 . . . . 1 1 1 . . 3 . Parts Field Recycled . | . . . . . . . . . . . . . . . . . . . . . . . . . . . . . . Retrieved Matter . | . . . . . . . . . . . . . . . . . . . . . . . . . . . . . . Parts Self-Destructed 141 | . . . . . 1 38 . . . 4 14 . 53 . . . 8 . 4 7 2 10 . . . . . . . Prevented 15 | . . . . . . 9 . . . 6 . . . . . . . . . . . . . . . . . . . Parts Restored 10 | . . . . . . . . . . . . . . . . . . . . . . . . . . . 8 2 . Faulty 10 | . . . . . . . . . . . . . . . . . . . . . . . . . . . 8 2 . Kills | -11 -10 -10 -9 -9 -7 -6 -6 -6 -6 -6 -6 -6 -5 -5 -5 -5 -4 -4 -4 -4 -4 -3 -3 -3 -2 -2 -2 -1 -1 ------- Run | Yrd Mat Min Mat Min Zio Pro Fac Was Fac Low Low Dat Pro Fac Upp War Pro Fac Upp Upp Zhi Pro Res Tes Res Qua Frg Acc Com Combat Hostiles Destroyed 466 | . . 5 13 8 . 12 . . 2 6 6 . 24 5 . 39 13 17 1 1 . 11 2 19 40 2 78 124 38 Melee 48 | . . . . . . . . . 1 . . . 1 . . . . 3 . . . . 2 7 3 . 11 4 16 Guns 23 | . . 5 7 4 . 6 . . . . . . . . . . 1 . . . . . . . . . . . . Cannons 52 | . . . . . . . . . . . . . . . . . . . . . . . . 4 7 2 29 5 5 AOE 315 | . . . 6 4 . 6 . . 1 6 6 . 23 5 . 39 11 13 1 . . 10 . 8 27 . 25 109 15 Classes Destroyed 30 | . . 1 4 1 . 4 1 . . . 2 . 3 . . 3 1 1 . . . . . 1 1 . 4 2 1 Worker 37 | . . . 2 2 . . 1 . . . . . . . . . . 4 . . . . . . 7 1 1 13 6 Builder 26 | . . . . . . . . . . . . . 2 3 . . . 4 . . . . . . 4 1 1 11 . Tunneler 3 | . . . . . . . . . . . . . . . . . . 2 . . . . . . . . . 1 . Hauler 14 | . . . 1 . . . 1 . 1 . . . . 1 . . . 2 . . . . . 1 1 1 . 5 . Recycler 31 | . . . . 2 . . . . 1 . . . . 1 . . . 6 . . . . 3 1 2 1 . 8 6 Carrier 2 | . . . . . . . . . . . . . . . . . . . . . . . . . . . . 2 . Mechanic 12 | . . . . . . . . . . . . . . . . . . . . . . . . . . . 2 5 5 Operator 8 | . . . . . . . 1 . . . . . . . . . . 1 . . . . . . . . 2 2 2 Drone 11 | . . . . . . . . . . . . . 1 . . . . . . . . . . . . . 9 1 . Watcher 12 | . . . . . . . . . . . . . 2 . . . . 1 . . . . 1 . . 1 1 4 2 Swarmer 106 | . . 5 8 7 . 7 . . . 6 . . 5 4 . 3 9 7 1 . . 4 . 3 16 . . 21 . Cutter 2 | . . . . . . . . . . . . . . . . . . . . . . . . . 2 . . . . Saboteur 8 | . . . . . . . . . . . . . . . . 5 . . . . . . . . . . . 1 2 Grunt 120 | . . . 4 1 . 1 . . 2 . 4 . 13 . . 14 2 2 . . . 6 . 8 5 . 16 24 18 Brawler 21 | . . . . . . . . . . . 1 . 2 . . 6 . . . . . . . . 2 . 1 7 2 Duelist 17 | . . . 1 . . 1 . . . . . . . . . 2 1 . . . . . . . 1 . 3 7 1 Protector 19 | . . . . . . 1 . . . . . . . . . 3 . . . . . . . . . . . 14 1 Researcher 3 | . . . . . . . . . . . . . . . . . . . . . . . . 2 . . 1 . . Sentry 26 | . . . . . . 1 . . . . . . 2 . . . . . . . . . 2 . 5 . 11 3 2 Specialist 2 | . . . . . . . . . . . . . . . . 2 . . . . . . . . . . . . . Hunter 29 | . . . . . . . . . . . 1 . . 1 . 2 . 3 . . . . . 2 2 . . 15 3 Programmer 49 | . . . . . . 1 . . . . . . 1 . . . . 4 . . . . . 6 4 2 10 15 6 Behemoth 7 | . . . . . . . . . . . . . . . . . 1 1 . 1 . 1 . . 3 . . . . M Guard 1 | . . . . . . . . . . . . . . . . . . . . . . . . . . . . . 1 Hotshot 12 | . . . . . . . . . . . . . . . . . . . . . . . . . . . 12 . . Decapitator 8 | . . . . . . . . . . . . . . . . . . . . . . . . . . . 8 . . Immortal 3 | . . . . . . . . . . . . . . . . . . . . . . . . . . . 3 . . Combat Programmer 2 | . . . . . . . . . . . . . . . . . . . . . . . . . . . . . 2 Investigator 1 | . . . . . . . . . . . . . . . . . . . . . . . . . . . . 1 . Striker 10 | . . . . . . . . . . . . . . . . . . . . . . . . . . . . 10 . Executioner 9 | . . . . . . . . . . . . . . . . 2 . . . . . . . . . . . 7 . Alpha 7 2 | . . . . . . . . . . . . . . . . . . . . . . . . . . . 2 . . V-Series 3 | . . . . . . . . . . . . . . . . . . . . . . . . . . . 3 . . Z-Courier 2 | . . . . . . . 1 . . . . . . . . . . . . . . . . . . . . 1 . Z-EX 2 | . . . . . . . . . . . . . . . . . . . . . . . . . . . . . 2 Decomposer 1 | . . . . . . . . . . . 1 . . . . . . . . . . . . . . . . . . Packrat 1 | . . . . . . . . . . . . . . . . . . . . . . 1 . . . . . . . Tinkerer 1 | . . . . . . . . . . . . . . . . . . . . . . . . . . . 1 . . Wasp 1 | . . . . . . . . . . . . . . . . . 1 . . . . . . . . . . . . Mutant 1 | . . . . . . 1 . . . . . . . . . . . . . . . . . . . . . . . Best Kill Streak 43 | . . 3 4 4 . 4 1 . 2 4 3 . 9 9 . 8 5 9 1 1 . 4 3 5 9 4 10 43 13 Combat Bots Only 41 | . . 3 4 4 . 4 . . 2 4 3 . 8 5 . 8 5 5 1 1 . 4 1 4 8 2 10 41 6 Max Kills in Single Turn 8 | . . 1 2 2 . 2 1 . 1 2 1 . 3 6 . 8 4 5 1 1 . 3 1 4 5 1 4 6 3 Gunslinging . | . . . . . . . . . . . . . . . . . . . . . . . . . . . . . . Exploded 8 | . . . 2 2 . 2 . . 1 2 1 . 3 5 . 8 3 4 1 . . 3 . 4 4 . 4 6 3 Melee 1 | . . . . . . . . . 1 . . . 1 . . . . 1 . . . . 1 1 1 . 1 1 1 Uniques/NPCs Destroyed 1 | . . . . . . . . . . . . . . . . . . . . . . . . . . . . 1 . DW-4LL (-1/Access) Combat | -11 -10 -10 -9 -9 -7 -6 -6 -6 -6 -6 -6 -6 -5 -5 -5 -5 -4 -4 -4 -4 -4 -3 -3 -3 -2 -2 -2 -1 -1 -------- Run | Yrd Mat Min Mat Min Zio Pro Fac Was Fac Low Low Dat Pro Fac Upp War Pro Fac Upp Upp Zhi Pro Res Tes Res Qua Frg Acc Com Hostile Shots Fired 2219 | . 48 51 66 42 . 55 2 . 9 7 2 . 46 35 . 53 45 122 13 9 . 40 16 201 220 10 367 519 241 Missed 1011 | . 7 14 21 12 . 10 1 . 7 2 2 . 15 21 . 37 23 62 6 2 . 16 6 122 112 3 141 274 95 Hits 1208 | . 41 37 45 30 . 45 1 . 2 5 . . 31 14 . 16 22 60 7 7 . 24 10 79 108 7 226 245 146 Melee 60 | . . 6 . . . 16 . . . . . . . . . . . . . . . . . . 4 . 22 4 8 Projectile 1148 | . 41 31 45 30 . 29 1 . 2 5 . . 31 14 . 16 22 60 7 7 . 24 10 79 104 7 204 241 138 AOE 14 | . . . . . . . . . . . . . . . . . . . . . . . . . 2 . 4 2 6 Critical Strikes 73 | . . . 1 . . 5 . . 1 . . . . 1 . 1 2 . . . . 1 . 6 5 1 28 12 9 Actively Blocked 15 | . . . . . . . . . . . . . . . . . . . . . . . . 6 4 . 5 . . Part Disruptions 1 | . . . . . . . . . . . . . . . . . . 1 . . . . . . . . . . . Damage Taken 24917 | . 591 400 457 250 . 1118 19 17 102 83 23 . 830 273 . 477 427 1047 57 120 . 333 200 986 2518 134 6129 4253 4073 Core 2903 | . 116 45 28 15 . 196 . 17 37 16 . . 166 51 . 52 66 162 17 . . 48 . 56 116 24 581 394 700 Absorbed by Shields 4662 | . . . . . . . . . . . . . . . . 136 152 344 60 122 . 162 72 522 358 66 703 1792 173 Redirected to Shielding 1216 | . . . . . . . . . . . . . . . . . . . . . . . . . 110 . 921 185 . Ignored by Resistances 997 | . . . . . . . . . . . . . . 12 . 22 18 . . . . . . . . . . 623 322 Regen/Repaired (Parts) 2374 | . . . . . . . . 13 . . 5 . 8 . . 72 . 133 . . . . . 119 617 151 1256 . . Core Remaining (%) 67 | 100 . 35 . . . 40 . . . . . . 72 . . . 83 . . . . 80 . 95 . . 37 . . Volleys Fired 683 | . 16 15 36 22 . 29 1 . 3 4 8 . 23 3 . 32 37 13 1 . . 8 1 24 51 17 136 138 65 Largest 2 | . 2 2 2 2 . 2 1 . 1 2 2 . 2 2 . 2 1 2 1 . . 1 1 1 1 1 2 2 1 Hottest 280 | . 100 100 46 46 . 56 5 . 36 72 72 . 79 78 . 78 50 70 50 . . 50 50 100 100 100 280 200 140 Shots Fired 822 | . 29 24 68 41 . 54 1 . 3 8 16 . 42 6 . 46 37 14 1 . . 8 1 23 51 17 136 133 63 Gun 262 | . 29 24 64 38 . 51 . . . . . . . . . . 30 3 . . . . . . . . . . 23 Cannon 202 | . . . . . . . . . . . . . . . . 1 . 1 . . . . 1 17 9 17 83 47 26 Launcher 354 | . . . 4 3 . 3 . . 3 8 16 . 42 6 . 45 7 7 1 . . 8 . 6 42 . 53 86 14 Special 4 | . . . . . . . 1 . . . . . . . . . . 3 . . . . . . . . . . . Kinetic 297 | . 7 8 64 38 . 51 . . . . . . . . . . 30 3 . . . . . 7 9 3 77 . . Thermal 117 | . 22 16 . . . . . . . . . . . . . . . . . . . . . . . . 6 47 26 Explosive 311 | . . . 4 3 . 3 . . 3 8 16 . 42 6 . 45 7 7 1 . . 8 . 6 42 . 22 78 10 Electromagnetic 66 | . . . . . . . . . . . . . . . . . . . . . . . . . . . 31 8 27 Entropic 13 | . . . . . . . . . . . . . . . . 1 . 1 . . . . 1 10 . . . . . Phasic 14 | . . . . . . . . . . . . . . . . . . . . . . . . . . 14 . . . Robot Hit Streak 70 | . 3 3 11 7 . 10 1 . . . 2 . 6 12 . 14 2 4 1 . . 3 . 5 12 3 53 70 30 Robot Miss Streak 32 | . 3 6 3 2 . 3 . . 2 . 3 . 4 . . 7 27 18 9 . . 7 . 11 12 3 32 3 3 Penetration Max 2 | . . . . . . . . . . . . . . . . . . . . . . . . 1 1 . 2 1 1 Secondary Targets 3 | . . 1 2 . . . . . . . . . . . . . . . . . . . . . . . . . . Max Gunslinging Chain 1 | . . 1 1 . . . . . . . . . . . . . . . . . . . . . . . . . . Capacitor 24 | . . . . . . . . . . . . . . . . . . . . . . . . . . . . . 24 Shots Hit Robots 826 | . 13 9 47 21 . 34 10 . 4 . 6 . 27 14 . 23 18 42 1 1 1 10 20 42 53 9 166 147 108 Core Hits 1682 | . . 7 21 16 . 23 4 . 6 8 18 . 81 13 . 165 32 61 3 . . 47 10 72 104 9 357 529 96 Critical Kills 51 | . . . . . . . . . . . . . . . . . . . . . . . . 5 7 2 32 4 1 Critical Parts Destroyed 66 | . . . . . . . . . . . . . . . . . . . . . . . . 7 7 6 46 . . Critical Strikes 241 | . 2 . . . . . 1 . 1 . 1 . 2 . . . . 1 . . . . 1 15 23 8 114 27 45 Burn 2 | . 2 . . . . . . . . . . . . . . . . . . . . . . . . . . . . Meltdown 5 | . . . . . . . . . . . . . . . . . . . . . . . . . . . . 4 1 Destroy 130 | . . . . . . . . . . . . . . . . . . . . . . . . 12 17 8 93 . . Sever 2 | . . . . . . . . . . . . . . . . . . 1 . . . . . . . . 1 . . Impale 102 | . . . . . . . 1 . 1 . 1 . 2 . . . . . . . . . 1 3 6 . 20 23 44 Melee Attacks 561 | . . . . . . . 15 . 8 . 3 . 21 17 . 1 6 54 5 2 1 2 33 58 39 27 93 73 103 Impact . | . . . . . . . . . . . . . . . . . . . . . . . . . . . . . . Slashing 108 | . . . . . . . . . . . . . 5 4 . . . 51 4 . . 1 . . . 16 27 . . Piercing 453 | . . . . . . . 15 . 8 . 3 . 16 13 . 1 6 3 1 2 1 1 33 58 39 11 66 73 103 Sneak Attacks 89 | . . . . . . . 7 . 2 . 1 . 1 4 . . . 15 . . . 1 3 3 4 4 3 23 18 Combat Hostiles . | . . . . . . . . . . . . . . . . . . . . . . . . . . . . . . Follow-up Attacks 27 | . . . . . . . . . . . . . 4 3 . . . . . . . . 2 4 . . 4 . 10 Martial Strikes 3 | . . . . . . . . . . . . . . . . . . . . . . . . . . . 3 . . Damage Inflicted 104114 | . 179 109 1037 485 . 1010 602 . 537 592 1071 . 4283 1368 . 7846 1702 4988 53 . . 1623 856 2890 6836 733 12035 40297 12982 Guns 2273 | . 179 106 603 337 . 572 . . . . . . . . . . 222 . . . . . . . . . . . 254 Cannons 5715 | . . . . . . . . . . . . . . . . . . . . . . . . 70 123 39 1186 2291 2006 Explosions 74722 | . . . 434 148 . 438 . . 304 592 967 . 3425 908 . 7846 1355 2716 53 . . 1533 . 1558 6003 . 7416 33808 5218 Melee 21401 | . . . . . . . 602 . 233 . 104 . 858 460 . . 125 2272 . . . 90 856 1262 710 694 3433 4198 5504 Ramming 3 | . . 3 . . . . . . . . . . . . . . . . . . . . . . . . . . . Kinetic 3139 | . 31 31 603 337 . 572 . . . . . . . . . . 222 . . . . . . 70 123 39 1111 . . Thermal 6770 | . 148 75 . . . . . . . . . . . 485 . . . 877 . . . . . . . . 319 2461 2405 Explosive 68171 | . . . 434 148 . 438 . . 304 592 967 . 3425 423 . 7846 1355 1839 53 . . 1533 . 1558 6003 . 4248 32673 4332 Electromagnetic 4630 | . . . . . . . . . . . . . . . . . . . . . . . . . . . 2924 965 741 Impact . | . . . . . . . . . . . . . . . . . . . . . . . . . . . . . . Slashing 3931 | . . . . . . . . . . . . . 212 143 . . . 2272 . . . 90 . . . 485 729 . . Piercing 17470 | . . . . . . . 602 . 233 . 104 . 646 317 . . 125 . . . . . 856 1262 710 209 2704 4198 5504 Highest Corruption 41 | . . . . . . 7 . . . . . . . 1 1 1 . 4 5 5 5 5 . 11 4 7 41 32 31 Average Corruption 13 | . . . . . . 5 . . . . . . . 1 1 1 . 4 4 5 5 5 . 5 3 4 23 12 27 Corruption Purged 13 | . . . . . . . . . . . . . . . . . . . . . . . . . . . . 7 6 Corruption Blocked 12 | . . . . . . . . . . . . . . . . . . . . . . . . . . . . . 12 Effects 348 | . . . . . . 9 . . . . . . . 1 3 . . 19 11 4 4 6 . 7 11 14 102 72 85 Message Errors 78 | . . . . . . 2 . . . . . . . . . . . 5 4 3 3 3 . 1 4 5 22 7 19 Matter Fused 71 | . . . . . . 1 . . . . . . . . 2 . . 5 2 1 . 1 . 2 3 3 22 11 18 Heat Flow Errors 40 | . . . . . . 2 . . . . . . . . . . . 1 2 . . . . 1 1 1 13 7 12 Energy Discharges 38 | . . . . . . 1 . . . . . . . 1 . . . 5 3 . 1 2 . 2 . 2 6 9 6 Parts Rejected 9 | . . . . . . . . . . . . . . . . . . . . . . . . . . . 3 6 . Parts Fused 6 | . . . . . . . . . . . . . . . . . . 2 . . . . . . . 1 . 1 2 Data Loss (minor) 33 | . . . . . . . . . . . . . . . 1 . . . . . . . . . 2 1 14 9 6 Data Loss (major) 8 | . . . . . . . . . . . . . . . . . . 1 . . . . . . . 1 3 . 3 Misfires 3 | . . . . . . 1 . . . . . . . . . . . . . . . . . . . . . . 2 Alerts 6 | . . . . . . . . . . . . . . . . . . . . . . . . . 1 . 3 1 1 Misdirections 37 | . . . . . . . . . . . . . . . . . . . . . . . . . . . 10 15 12 Weapon Failures 19 | . . . . . . 2 . . . . . . . . . . . . . . . . . 1 . . 6 6 4 Overload Shots . | . . . . . . . . . . . . . . . . . . . . . . . . . . . . . . Overflow Damage 6983 | . . . 33 . . . . . 5 . 14 . 194 90 . 59 16 768 . . . 17 120 44 315 104 717 2399 2088 Projectiles 345 | . . . . . . . . . . . . . . . . . . . . . . . . . . . 50 80 215 Explosions 1792 | . . . 33 . . . . . 5 . 2 . 77 80 . 59 16 181 . . . 17 . . 223 . 78 740 281 Melee 4846 | . . . . . . . . . . . 12 . 117 10 . . . 587 . . . . 120 44 92 104 589 1579 1592 Knockbacks 48 | . . . . . . . . . . . . . . . . . . . . . . . . 5 5 1 37 . . Impact . | . . . . . . . . . . . . . . . . . . . . . . . . . . . . . . Kinetic 47 | . . . . . . . . . . . . . . . . . . . . . . . . 4 5 1 37 . . Secondary 1 | . . . . . . . . . . . . . . . . . . . . . . . . 1 . . . . . Self-Inflicted Damage 2003 | . . . 22 . . . . . . 13 23 . 148 . . 75 16 121 . . . 57 . 40 151 . 531 469 337 Shots 93 | . . . 1 . . . . . . 1 1 . 8 . . 4 2 7 . . . 3 . 3 5 . 41 14 3 Rammed 1 | . . 1 . . . . . . . . . . . . . . . . . . . . . . . . . . . Targets Rammed 1 | . . 1 . . . . . . . . . . . . . . . . . . . . . . . . . . . Kicked . | . . . . . . . . . . . . . . . . . . . . . . . . . . . . . . Crushed . | . . . . . . . . . . . . . . . . . . . . . . . . . . . . . . Highest Temperature 558 | . 558 158 7 1 . 144 . . 12 12 16 . 79 72 . 74 73 226 128 . . 16 . 112 166 55 203 331 318 Average Temperature 54 | . 307 72 1 1 . 28 . . 8 6 11 . 25 29 . 13 12 120 68 . . 16 . 71 16 29 78 79 109 Received Heat Transfer 2717 | . 300 100 126 6 . 59 9 . 57 . . . 162 36 . 20 30 63 . 8 . 99 24 105 198 4 863 154 294 Effects 7 | . 7 . . . . . . . . . . . . . . . . . . . . . . . . . . . . Shutdowns 2 | . 2 . . . . . . . . . . . . . . . . . . . . . . . . . . . . Interference 2 | . 2 . . . . . . . . . . . . . . . . . . . . . . . . . . . . Matter Decay 1 | . 1 . . . . . . . . . . . . . . . . . . . . . . . . . . . . Short Circuit 1 | . 1 . . . . . . . . . . . . . . . . . . . . . . . . . . . . Damage (core) 1 | . 1 . . . . . . . . . . . . . . . . . . . . . . . . . . . . Siege Activations . | . . . . . . . . . . . . . . . . . . . . . . . . . . . . . . Martial Activations . | . . . . . . . . . . . . . . . . . . . . . . . . . . . . . . Shielding Activations . | . . . . . . . . . . . . . . . . . . . . . . . . . . . . . . Robots Disrupted 1 | . . . . . . . . . . . . . . . . . . . . . . . . . . . 1 . . Combat Hostiles 1 | . . . . . . . . . . . . . . . . . . . . . . . . . . . 1 . . Robots Corrupted 19 | . . . . . . . . . . . . . . . . . . . . . . . . . . . 13 3 3 Combat Hostiles 17 | . . . . . . . . . . . . . . . . . . . . . . . . . . . 13 3 1 Parts Fried 47 | . . . . . . . . . . . . . . . . . . . . . . . . . . . 30 6 11 Impact Corruptions . | . . . . . . . . . . . . . . . . . . . . . . . . . . . . . . Robots Melted 6 | . . . . . . . . . . . . . . . . . . . . . . . . . . . . 5 1 Combat Hostiles 4 | . . . . . . . . . . . . . . . . . . . . . . . . . . . . 3 1 Parts Melted 12 | . . 1 . . . . . . . . . . . . . 1 . . . . . . . . . . 1 9 . Heat Transferred 4423 | . 592 222 . . . . . . . . . . . 400 . . . 600 . . . . . . . . 175 1197 1237 Parts Sabotaged 20 | . . . . . . . . . . . . . . . . . . . . . . . . . . . 1 7 12 Parts Stolen . | . . . . . . . . . . . . . . . . . . . . . . . . . . . . . . Parts Stripped . | . . . . . . . . . . . . . . . . . . . . . . . . . . . . . . Power Chain Reactions 6 | . . . . . . . . . . . . . . . . . . . . . . . . . . . 3 1 2 Alert | -11 -10 -10 -9 -9 -7 -6 -6 -6 -6 -6 -6 -6 -5 -5 -5 -5 -4 -4 -4 -4 -4 -3 -3 -3 -2 -2 -2 -1 -1 ------- Run | Yrd Mat Min Mat Min Zio Pro Fac Was Fac Low Low Dat Pro Fac Upp War Pro Fac Upp Upp Zhi Pro Res Tes Res Qua Frg Acc Com Maximum Alert Level 5 | . . . 1 . . . 2 1 . . . . . 4 . . . 4 . . . . . 3 5 4 5 5 5 Low Security (%) 26 | 100 100 100 95 100 . . . 73 100 . . . . . . . . 9 . . . . 100 27 . . . . . Level 1 6 | . . . 4 . . . . 26 . . . . . . . . . 38 . . . . . 30 . . . . . Level 2 6 | . . . . . . . 100 . . . . . . . . . . 23 . . . . . 24 6 . . . . Level 3 9 | . . . . . . . . . . . . . . 62 . . . 21 . . . . . 17 23 . 18 . . Level 4 15 | . . . . . . . . . . . . . . 37 . . . 6 . . . . . . 25 100 36 11 . Level 5 15 | . . . . . . . . . . . . . . . . . . . . . . . . . 44 . 44 7 33 High Security 18 | . . . . . . . . . . . . . . . . . . . . . . . . . . . . 80 66 Max Security . | . . . . . . . . . . . . . . . . . . . . . . . . . . . . . . Sterilizations 1 | . . . . . . . . . . . . . . . . . . . . . . . . . . . . 1 . Peak Influence 6648 | . . 85 220 94 . . 667 225 165 . . . . 1189 . . . 1157 . . . . 88 797 2448 1421 2503 5933 6648 Initial 3796 | . . . . 42 . . 654 225 74 . . . . 724 . . . 47 . . . . 81 13 447 1371 788 1500 3796 Average 1661 | . . 51 105 27 . . 606 166 47 . . . . 953 . . . 498 . . . . 56 379 1517 1384 1613 3801 4884 Influence Increases 24392 | . . 135 492 228 . 1184 480 11 387 268 345 . 1144 1052 . 825 300 1790 40 30 5 260 123 1074 2716 301 2507 4803 3892 Destroy 0b10 Robot/C 12120 | . . 100 260 160 . 580 80 . 200 140 200 . 640 300 . 720 260 620 40 20 . 220 40 420 980 40 1560 2520 2020 Destroy 0b10 Robot/NC 920 | . . . 20 20 . 15 20 . 15 . . . 60 25 . 15 . 100 . . 5 . 20 10 70 25 55 315 130 Destroy Leader 1730 | . . 20 42 20 . 70 14 . 34 20 40 . 60 32 . . 40 136 . 10 . 40 22 72 202 14 132 376 334 Allied During Kill 2369 | . . . . . . 504 8 . 84 93 105 . 384 173 . . . 129 . . . . 1 . 78 . . 74 736 Successful Hack 23 | . . . 4 . . . . . . . . . . 12 . . . 7 . . . . . . . . . . . Disable Machine 1050 | . . . 105 . . . 15 . 15 . . . . 45 . . . 240 . . . . . 75 60 120 270 45 60 Anti-Garrison Action 150 | . . . . . . . . . . . . . . . . . . . . . . . . . 150 . . . . Destroy Structure 3360 | . . . 61 13 . . 28 11 39 . . . . 120 . . . 348 . . . . 10 272 906 72 130 888 462 Advance Influence 600 | . . . . . . . 300 . . . . . . 300 . . . . . . . . . . . . . . . Partial Spotted 210 | . . . . . . . 15 . . . . . . . . . . 45 . . . . 30 . 60 . . 30 30 Lose Combat Pursuer 1860 | . . 15 . 15 . 15 . . . 15 . . . 45 . 90 . 165 . . . . . 225 210 30 360 555 120 Influence Decreases 17784 | . . 135 383 270 67 621 399 549 328 222 303 253 470 610 494 904 767 729 724 187 301 140 219 301 1074 1338 1408 1371 3217 Entered New Map 9033 | . . . . 67 67 . 209 419 32 62 41 253 . 250 414 622 543 29 422 87 296 . 39 11 350 1068 614 1001 2137 Time Decay 5970 | . . 100 373 203 . 411 170 110 116 160 222 . 354 140 80 252 204 490 262 100 5 130 150 270 404 270 614 150 230 Lost Part 1161 | . . 35 10 . . 70 . . . . . . 26 . . 30 20 50 . . . 10 10 20 150 . 180 180 370 Lost Ally 1620 | . . . . . . 140 20 20 180 . 40 . 90 220 . . . 160 40 . . . 20 . 170 . . 40 480 Squads Dispatched 155 | . . . 2 . . 1 2 . 2 . . . 2 8 . . . 9 . . . . 2 7 14 5 20 40 41 Investigation 23 | . . . 1 . . . 1 . 2 . . . 1 3 . . . 3 . . . . 1 3 3 1 2 . 2 Extermination 20 | . . . . . . . 1 . . . . . . 1 . . . 2 . . . . 1 2 4 1 5 1 2 Reinforcement 12 | . . . 1 . . . . . . . . . 1 2 . . . . . . . . . 1 2 . 1 2 2 Assault 95 | . . . . . . 1 . . . . . . . 2 . . . 3 . . . . . 1 4 3 12 34 35 Garrison 5 | . . . . . . . . . . . . . . . . . . 1 . . . . . . 1 . . 3 . Intercept . | . . . . . . . . . . . . . . . . . . . . . . . . . . . . . . Searches Triggered . | . . . . . . . . . . . . . . . . . . . . . . . . . . . . . . Unchained Authorized 1 | . . . . . . . . . . . . . . . . . . . . . . . . . . . . 1 . Data Miner Redirects 9 | . . . . . . . . . . . . . . 1 . . . 2 . . . . . . 1 . 4 . 1 Construction Impeded 3 | . . . . . . . . . . . . . 1 1 . . . . . . . . . . . . 1 . . Haulers Reinforced 2 | . . . . . . . . . . . . . . 1 . . . . . . . . . 1 . . . . . Active Scanning Responses . | . . . . . . . . . . . . . . . . . . . . . . . . . . . . . . Cargo Convoy Interrupts . | . . . . . . . . . . . . . . . . . . . . . . . . . . . . . . Stealth | -11 -10 -10 -9 -9 -7 -6 -6 -6 -6 -6 -6 -6 -5 -5 -5 -5 -4 -4 -4 -4 -4 -3 -3 -3 -2 -2 -2 -1 -1 --------- Run | Yrd Mat Min Mat Min Zio Pro Fac Was Fac Low Low Dat Pro Fac Upp War Pro Fac Upp Upp Zhi Pro Res Tes Res Qua Frg Acc Com Distress Signals 21 | . . 1 1 . . . . . 1 . . . 1 3 . . . 3 . . . . . 1 4 . 3 3 . Communications Jammed 56 | . . . . . . . . . . . . . . . . . . 15 . . . . 4 12 19 . 6 . . Distress Signals 52 | . . . . . . . . . . . . . . . . . . 15 . . . . 4 9 18 . 6 . . Times Spotted 911 | . 2 16 34 12 . 26 8 1 11 7 9 . 33 13 . 84 13 47 4 1 . 9 4 47 75 8 111 202 134 Peak Tracking Total 31 | . 2 11 5 4 . 7 4 1 4 4 4 . 8 4 . 12 6 6 3 1 . 3 1 13 11 3 10 14 31 Tactical Retreats 66 | . . 1 4 2 . 1 . . . 1 . . . 1 . 2 . 7 . . . . . 5 5 1 15 13 8 ECM-based Alert Blocks 9 | . . . 7 2 . . . . . . . . . . . . . . . . . . . . . . . . . ID Masks Used 1 | . . . . . . . . . . . . . . . . . . . . . . . . . . . . 1 . IFF Responses 76 | . . . . . . . . . . . . . . . . . . . . . . . . . . . . 76 . Traps | -11 -10 -10 -9 -9 -7 -6 -6 -6 -6 -6 -6 -6 -5 -5 -5 -5 -4 -4 -4 -4 -4 -3 -3 -3 -2 -2 -2 -1 -1 ------- Run | Yrd Mat Min Mat Min Zio Pro Fac Was Fac Low Low Dat Pro Fac Upp War Pro Fac Upp Upp Zhi Pro Res Tes Res Qua Frg Acc Com Traps Triggered 25 | . . . 1 . . . 1 . 1 . . . . . . . . 3 . . . . . . 1 1 15 1 1 Indirectly 5 | . . . . . . . . . . . . . . . . . . . . . . . . . . . 4 1 . Trap Hack Attempts . | . . . . . . . . . . . . . . . . . . . . . . . . . . . . . . Triggered . | . . . . . . . . . . . . . . . . . . . . . . . . . . . . . . Disarmed . | . . . . . . . . . . . . . . . . . . . . . . . . . . . . . . Reprogrammed . | . . . . . . . . . . . . . . . . . . . . . . . . . . . . . . Reused . | . . . . . . . . . . . . . . . . . . . . . . . . . . . . . . Traps Extracted . | . . . . . . . . . . . . . . . . . . . . . . . . . . . . . . Installed . | . . . . . . . . . . . . . . . . . . . . . . . . . . . . . . Triggered . | . . . . . . . . . . . . . . . . . . . . . . . . . . . . . . Machines | -11 -10 -10 -9 -9 -7 -6 -6 -6 -6 -6 -6 -6 -5 -5 -5 -5 -4 -4 -4 -4 -4 -3 -3 -3 -2 -2 -2 -1 -1 ---------- Run | Yrd Mat Min Mat Min Zio Pro Fac Was Fac Low Low Dat Pro Fac Upp War Pro Fac Upp Upp Zhi Pro Res Tes Res Qua Frg Acc Com Machines Disabled 80 | . . . 7 . . . 1 . 1 . . . 2 3 . 3 . 16 1 . . . . 5 5 8 21 3 4 Max in Single Turn 6 | . . . 2 . . . 1 . . . . . . 3 . 2 . 6 1 . . . . 1 2 1 1 1 1 Garrison Access 5 | . . . . . . . 1 . . . . . . 1 . . . . . . . . . . 1 . 1 1 . Energy Cycler 1 | . . . . . . . . . . . . . . . . . . . . . . . . . . . . 1 . Machines Repaired . | . . . . . . . . . . . . . . . . . . . . . . . . . . . . . . Machines Dismantled . | . . . . . . . . . . . . . . . . . . . . . . . . . . . . . . Machines Sabotaged . | . . . . . . . . . . . . . . . . . . . . . . . . . . . . . . Overloaded Fab Kills . | . . . . . . . . . . . . . . . . . . . . . . . . . . . . . . Hacking | -11 -10 -10 -9 -9 -7 -6 -6 -6 -6 -6 -6 -6 -5 -5 -5 -5 -4 -4 -4 -4 -4 -3 -3 -3 -2 -2 -2 -1 -1 --------- Run | Yrd Mat Min Mat Min Zio Pro Fac Was Fac Low Low Dat Pro Fac Upp War Pro Fac Upp Upp Zhi Pro Res Tes Res Qua Frg Acc Com Machines Accessed 40 | . . . 3 . . . 2 . 1 . . 2 3 3 . 1 . 6 2 1 4 . 1 3 3 1 2 1 1 Terminals 7 | . . . 2 . . . . . . . . . 1 . . . . . . 1 . . . . . 1 1 . 1 Fabricators 9 | . . . . . . . . . . . . . 1 3 . . . 2 . . . . 1 1 1 . . . . Repair Stations 4 | . . . . . . . . . . . . . . . . . . 1 . . . . . 2 1 . . . . Recycling Units 4 | . . . . . . . 1 . 1 . . . 1 . . . . 1 . . . . . . . . . . . Scanalyzers 2 | . . . 1 . . . . . . . . . . . . . . 1 . . . . . . . . . . . Garrison Access 5 | . . . . . . . 1 . . . . . . . . . . 1 . . . . . . 1 . 1 1 . Total Hacks 111 | . . . 10 . . . 3 . 1 . . 22 7 9 . 1 . 11 7 1 16 . 3 6 7 2 3 1 1 Successful 75 | . . . 4 . . . 1 . 1 . . 22 3 4 . 1 . 5 7 1 16 . 1 2 2 2 2 . 1 Failed 36 | . . . 6 . . . 2 . . . . . 4 5 . . . 6 . . . . 2 4 5 . 1 1 . Catastrophic 9 | . . . 1 . . . 1 . . . . . 1 1 . . . 1 . . . . . 2 1 . . 1 . Database Lockouts . | . . . . . . . . . . . . . . . . . . . . . . . . . . . . . . Manual 135 | . . . 5 . . . 17 . 6 . . . 1 11 . . . 19 . . . . 9 16 18 14 7 6 6 Terminals 13 | . . . 5 . . . . . . . . . 3 . . . . . . 1 . . . . . 2 1 . 1 Fabricators 24 | . . . . . . . . . . . . . 3 9 . . . 5 . . . . 3 1 3 . . . . Repair Stations 7 | . . . . . . . . . . . . . . . . . . 1 . . . . . 5 1 . . . . Recycling Units 7 | . . . . . . . 2 . 1 . . . 1 . . . . 3 . . . . . . . . . . . Scanalyzers 6 | . . . 5 . . . . . . . . . . . . . . 1 . . . . . . . . . . . Garrison Access 8 | . . . . . . . 1 . . . . . . . . . . 1 . . . . . . 3 . 2 1 . Terminal Hacks 52 | . . . . . . . . . . . . 22 1 . . 1 . . 7 1 16 . . . . 2 1 . 1 Record 14 | . . . . . . . . . . . . . . . . . . . 6 1 5 . . . . 2 . . . Part Schematic 14 | . . . . . . . . . . . . 11 . . . . . . . . 3 . . . . . . . . Robot Schematic 8 | . . . . . . . . . . . . 8 . . . . . . . . . . . . . . . . . Robot Analysis 4 | . . . . . . . . . . . . . . . . . . . . . 4 . . . . . . . . Prototype ID Bank 7 | . . . . . . . . . . . . 3 . . . . . . . . 4 . . . . . . . . Open Door 3 | . . . . . . . . . . . . . 1 . . 1 . . 1 . . . . . . . . . . Proto ID Catalog 1 | . . . . . . . . . . . . . . . . . . . . . . . . . . . 1 . . Disengage Seal 1 | . . . . . . . . . . . . . . . . . . . . . . . . . . . . . 1 Fabricator Hacks 10 | . . . . . . . . . . . . . 1 4 . . . 3 . . . . 1 . 1 . . . . Load Schematic 8 | . . . . . . . . . . . . . 1 3 . . . 2 . . . . 1 . 1 . . . . Build 2 | . . . . . . . . . . . . . . 1 . . . 1 . . . . . . . . . . . Repair Station Hacks 1 | . . . . . . . . . . . . . . . . . . . . . . . . 1 . . . . . Scan Component 1 | . . . . . . . . . . . . . . . . . . . . . . . . 1 . . . . . Recycling Unit Hacks 3 | . . . . . . . . . 1 . . . 1 . . . . 1 . . . . . . . . . . . Process 1 | . . . . . . . . . . . . . . . . . . 1 . . . . . . . . . . . Retrieve Components 2 | . . . . . . . . . 1 . . . 1 . . . . . . . . . . . . . . . . Scanalyzer 4 | . . . 4 . . . . . . . . . . . . . . . . . . . . . . . . . . Insert Component 1 | . . . 1 . . . . . . . . . . . . . . . . . . . . . . . . . . Analyze 1 | . . . 1 . . . . . . . . . . . . . . . . . . . . . . . . . . Retrieve Study 2 | . . . 2 . . . . . . . . . . . . . . . . . . . . . . . . . . Garrison Access Hacks 2 | . . . . . . . 1 . . . . . . . . . . . . . . . . . . . 1 . . Seal Access 2 | . . . . . . . 1 . . . . . . . . . . . . . . . . . . . 1 . . Unauthorized Hacks 3 | . . . . . . . . . . . . . . . . . . 1 . . . . . 1 1 . . . . Terminals . | . . . . . . . . . . . . . . . . . . . . . . . . . . . . . . Fabricators . | . . . . . . . . . . . . . . . . . . . . . . . . . . . . . . Repair Stations 3 | . . . . . . . . . . . . . . . . . . 1 . . . . . 1 1 . . . . Patch 3 | . . . . . . . . . . . . . . . . . . 1 . . . . . 1 1 . . . . Recycling Units . | . . . . . . . . . . . . . . . . . . . . . . . . . . . . . . Scanalyzers . | . . . . . . . . . . . . . . . . . . . . . . . . . . . . . . Garrison Access . | . . . . . . . . . . . . . . . . . . . . . . . . . . . . . . Data Cores Recovered 1 | . . . . . . . . . . . . . . . . . . . . . . . . . . . 1 . . Used . | . . . . . . . . . . . . . . . . . . . . . . . . . . . . . . Hacking Detections 19 | . . . 3 . . . 1 . . . . . 1 3 . . . 4 . . . . 1 2 2 . 1 1 . Full Trace Events 9 | . . . . . . . . . . . . . 1 3 . . . 2 . . . . 1 1 1 . . . . Feedback Events 2 | . . . . . . . . . . . . . . 1 . . . . . . . . . 1 . . . . . Corruption 2 | . . . . . . . . . . . . . . 1 . . . . . . . . . 1 . . . . . Feedback Blocked . | . . . . . . . . . . . . . . . . . . . . . . . . . . . . . . Robot Schematics Acquired 10 | . . . . . . . . . . . . 8 . . . . . . . . . . . 1 . . 1 . . Robots Built 1 | . . . . . . . . . . . . . . . . . . 1 . . . . . . . . . . . Authchips . | . . . . . . . . . . . . . . . . . . . . . . . . . . . . . . Time 187 | . . . . . . . . . . . . . . . . . . 187 . . . . . . . . . . . Total Robot Build Rating 7 | . . . . . . . . . . . . . . . . . . 7 . . . . . . . . . . . Part Schematics Acquired 50 | . . . 1 . . . . . . . . 11 . . . . . 10 . . 3 . . 13 . 8 4 . . Parts Built 2 | . . . . . . . . . . . . . . 2 . . . . . . . . . . . . . . . Authchips . | . . . . . . . . . . . . . . . . . . . . . . . . . . . . . . Time 53 | . . . . . . . . . . . . . . 53 . . . . . . . . . . . . . . . Total Part Build Rating 12 | . . . . . . . . . . . . . . 12 . . . . . . . . . . . . . . . Part Studies Acquired 1 | . . . 1 . . . . . . . . . . . . . . . . . . . . . . . . . . Parts Repaired . | . . . . . . . . . . . . . . . . . . . . . . . . . . . . . . Time . | . . . . . . . . . . . . . . . . . . . . . . . . . . . . . . Parts Recycled . | . . . . . . . . . . . . . . . . . . . . . . . . . . . . . . Recycled Matter . | . . . . . . . . . . . . . . . . . . . . . . . . . . . . . . Retrieved Matter . | . . . . . . . . . . . . . . . . . . . . . . . . . . . . . . Retrieved Components 11 | . . . . . . . . . 1 . . . 10 . . . . . . . . . . . . . . . . Parts Scanalyzed 1 | . . . 1 . . . . . . . . . . . . . . . . . . . . . . . . . . Part Schematics Acquired 1 | . . . 1 . . . . . . . . . . . . . . . . . . . . . . . . . . Parts Damaged . | . . . . . . . . . . . . . . . . . . . . . . . . . . . . . . Bothacking | -11 -10 -10 -9 -9 -7 -6 -6 -6 -6 -6 -6 -6 -5 -5 -5 -5 -4 -4 -4 -4 -4 -3 -3 -3 -2 -2 -2 -1 -1 ------------ Run | Yrd Mat Min Mat Min Zio Pro Fac Was Fac Low Low Dat Pro Fac Upp War Pro Fac Upp Upp Zhi Pro Res Tes Res Qua Frg Acc Com Used RIF Installer . | . . . . . . . . . . . . . . . . . . . . . . . . . . . . . . Robots Hacked 1 | . . . . . . . 1 . . . . . . . . . . . . . . . . . . . . . . Non-combat 1 | . . . . . . . 1 . . . . . . . . . . . . . . . . . . . . . . Combat . | . . . . . . . . . . . . . . . . . . . . . . . . . . . . . . Robot Hacks Applied 1 | . . . . . . . 1 . . . . . . . . . . . . . . . . . . . . . . find_chute 1 | . . . . . . . 1 . . . . . . . . . . . . . . . . . . . . . . Relay Couplers Released 7 | . . . . . . . . . . . . . . 1 . . . . . . . . . 4 2 . . . . Machine Destruction 3 | . . . . . . . . . . . . . . 1 . . . . . . . . . . 2 . . . . Programmers 4 | . . . . . . . . . . . . . . . . . . . . . . . . 4 . . . . . Fabnet Peak Effective % . | . . . . . . . . . . . . . . . . . . . . . . . . . . . . . . Robots Rewired 12 | . . . . . . 2 . . . . . . 10 . . . . . . . . . . . . . . . . Allies Hacked 4 | . . . . . . . . . . . . . . 1 . . . . . . . . . . 1 . . . 2 Hacks Repelled . | . . . . . . . . . . . . . . . . . . . . . . . . . . . . . . Allies | -11 -10 -10 -9 -9 -7 -6 -6 -6 -6 -6 -6 -6 -5 -5 -5 -5 -4 -4 -4 -4 -4 -3 -3 -3 -2 -2 -2 -1 -1 -------- Run | Yrd Mat Min Mat Min Zio Pro Fac Was Fac Low Low Dat Pro Fac Upp War Pro Fac Upp Upp Zhi Pro Res Tes Res Qua Frg Acc Com Total Allies 109 | . . . . . 14 2 2 20 3 . . . 12 2 . . . 9 2 . . . 3 . 10 . . 1 29 Largest Group 20 | . . . . . 14 14 5 20 19 6 6 4 12 11 1 . . 3 2 . . . 3 . 4 . . 1 20 Highest-Rated Group 1992 | . . . . . 387 387 160 735 710 281 281 183 547 440 85 . . 265 92 . . . 83 . 367 . . 27 1992 Highest-Rated Ally 269 | . . . . . 40 40 38 50 70 70 70 64 96 96 85 . . 103 46 . . . 29 . 122 . . 27 269 Zionite Dispatches 18 | . . . . . . . 2 . 1 . . . . 1 . . . 4 . . . . 3 . 6 . . 1 . Heavy 5 | . . . . . . . . . . . . . . 1 . . . 2 . . . . . . 2 . . . . Light 3 | . . . . . . . . . 1 . . . . . . . . 1 . . . . . . 1 . . . . Demo 1 | . . . . . . . 1 . . . . . . . . . . . . . . . . . . . . . . Explosive Resupply 1 | . . . . . . . . . . . . . . . . . . . . . . . . . 1 . . . . Melee Resupply 3 | . . . . . . . . . . . . . . . . . . 1 . . . . 2 . . . . . . Heavy Resupply 1 | . . . . . . . . . . . . . . . . . . . . . . . . . 1 . . . . Hover Resupply 2 | . . . . . . . 1 . . . . . . . . . . . . . . . 1 . . . . . . Zionite Resupply 2 | . . . . . . . . . . . . . . . . . . . . . . . . . 1 . . 1 . Total Orders 45 | . . . . . . . 2 . . . . . . . . . . 2 . . . . 4 . 3 . . 8 26 STAY 4 | . . . . . . . 1 . . . . . . . . . . . . . . . 1 . . . . . 2 FOLLOW 1 | . . . . . . . . . . . . . . . . . . . . . . . . . . . . . 1 AID 1 | . . . . . . . . . . . . . . . . . . 1 . . . . . . . . . . . DROP 9 | . . . . . . . 1 . . . . . . . . . . 1 . . . . 3 . 3 . . 1 . RETURN 30 | . . . . . . . . . . . . . . . . . . . . . . . . . . . . 7 23 Ally Attacks 895 | . . . . . . 115 19 8 74 11 24 . 111 69 . . . 52 11 . . . . . 47 . . 45 309 Total Damage 35400 | . . . . . . 2784 932 315 1630 94 365 . 2419 1946 . . . 2912 307 . . . . . 2230 . . 2713 16753 Kills 176 | . . . . . . 21 5 1 12 1 4 . 12 12 . . . 14 1 . . . . . 9 . . 14 70 Allies Corrupted 18 | . . . . . . 1 . . 3 . . . . . . . . . . . . . 1 . 3 . . . 10 Allies Melted 1 | . . . . . . . . . . . . . 1 . . . . . . . . . . . . . . . . Intel | -11 -10 -10 -9 -9 -7 -6 -6 -6 -6 -6 -6 -6 -5 -5 -5 -5 -4 -4 -4 -4 -4 -3 -3 -3 -2 -2 -2 -1 -1 ------- Run | Yrd Mat Min Mat Min Zio Pro Fac Was Fac Low Low Dat Pro Fac Upp War Pro Fac Upp Upp Zhi Pro Res Tes Res Qua Frg Acc Com Active Infowar (turns) 14651 | . . . 1075 355 . 1271 293 227 279 332 463 56 866 288 177 902 . 1258 577 216 134 262 300 593 971 595 1319 1614 228 Sensors 7668 | . . . . 1 . 1271 293 227 279 332 463 56 866 288 177 902 . 626 577 216 134 119 . . . 544 58 237 2 Structural 896 | . . . . . . . . . . . . . . . . . . . . . . . . . . . . 896 . Seismic 389 | . . . . . . . . . . . . . . . . . . . . . . . . . 45 50 . 294 . Machine Analysis 1386 | . . . . . . . . . . . . . . . . . . 1177 . . . . . . . . . . 209 Cloaking 1726 | . . . . . . . . . . . . . . . . . . . . . . . . . . . 95 1614 17 Jamming 5482 | . . . . . . . . . . . . . . . . . . 656 577 216 109 262 300 593 971 575 1223 . . ECM 1430 | . . . 1075 354 . . . . . . . . . . . . . . . . . . . . . . 1 . . ID Mask 81 | . . . . . . . . . . . . . . . . . . . . . . . . . . . . 81 . Robot Analysis Total 4 | . . . . . . . . . . . . . . . . . . . . . 4 . . . . . . . . Derelict Logs Recovered 11 | . . . . 1 2 2 . . . 1 2 . 1 . . . 1 . 1 . . . . . . . . . . Drone Launches 69 | . . . . . . . . . . . . . . . . . . . . . . . . . . . . 31 38 Drone Recoveries 57 | . . . . . . . . . . . . . . . . . . . . . . . . . . . . 28 29 Zionite Intel Received 14 | . . . . . . . 2 . . . . . . 1 . . . 1 . . . . . 3 . 4 1 1 1 Main Access 1 | . . . . . . . . . . . . . . . . . . . . . . . . . . . 1 . . Branch Access 2 | . . . . . . . . . . . . . . . . . . . . . . . . . . 1 . 1 . Emergency Access 1 | . . . . . . . . . . . . . . . . . . . . . . . . 1 . . . . . Guard Positions 1 | . . . . . . . 1 . . . . . . . . . . . . . . . . . . . . . . Prototype Stockpiles 2 | . . . . . . . 1 . . . . . . . . . . . . . . . . . . 1 . . . Prototype Schematics 3 | . . . . . . . . . . . . . . . . . . 1 . . . . . 1 . 1 . . . Unaware Analyses 1 | . . . . . . . . . . . . . . 1 . . . . . . . . . . . . . . . Trap Installations 1 | . . . . . . . . . . . . . . . . . . . . . . . . 1 . . . . . Active Terminals 1 | . . . . . . . . . . . . . . . . . . . . . . . . . . . . . 1 Depthwide Sectors/0 1 | . . . . . . . . . . . . . . . . . . . . . . . . . . 1 . . . Exploration | -11 -10 -10 -9 -9 -7 -6 -6 -6 -6 -6 -6 -6 -5 -5 -5 -5 -4 -4 -4 -4 -4 -3 -3 -3 -2 -2 -2 -1 -1 ------------- Run | Yrd Mat Min Mat Min Zio Pro Fac Was Fac Low Low Dat Pro Fac Upp War Pro Fac Upp Upp Zhi Pro Res Tes Res Qua Frg Acc Com Turns Passed 21070 | 98 144 203 1110 766 2188 1847 350 227 279 332 463 56 866 288 177 1150 449 1293 577 216 134 262 300 593 971 595 2026 1662 1448 Spaces Moved 23923 | 56 60 98 436 289 874 799 468 364 486 521 805 78 1081 364 298 1352 610 1490 924 410 171 323 455 896 1629 1025 2382 2962 2217 Core 2 | 2 . . . . . . . . . . . . . . . . . . . . . . . . . . . . . Treads 2431 | 54 60 98 436 289 874 620 . . . . . . . . . . . . . . . . . . . . . . . Legs . | . . . . . . . . . . . . . . . . . . . . . . . . . . . . . . Wheels 179 | . . . . . . 179 . . . . . . . . . . . . . . . . . . . . . . . Hover 21311 | . . . . . . . 468 364 486 521 805 78 1081 364 298 1352 610 1490 924 410 171 323 455 896 1629 1025 2382 2962 2217 Flight . | . . . . . . . . . . . . . . . . . . . . . . . . . . . . . . Fastest Speed 27 | 50 160 160 160 240 240 145 43 48 42 48 48 48 48 56 56 50 53 51 51 51 51 54 36 36 27 32 28 33 27 Average Speed 63 | 156 160 160 224 240 240 215 51 48 47 48 48 48 49 57 56 54 54 51 51 51 53 54 41 37 37 36 39 35 35 Slowest Speed 240 | 160 160 160 240 240 240 240 59 48 48 48 48 48 56 58 63 59 59 130 51 51 55 54 54 103 113 42 117 96 98 Overloaded Moves 22 | . . . . . . . . . 18 . . . . . . . . . . . . . . . 1 . 3 . . Propulsion Burnouts . | . . . . . . . . . . . . . . . . . . . . . . . . . . . . . . Robots Hopped 1 | . . . . . . . . . . . . . . . . . . 1 . . . . . . . . . . . Potential Cave-ins 20 | . . . . . . . . . . . . . . . . . . . . . . . . . . 2 18 . . Cave-ins Triggered . | . . . . . . . . . . . . . . . . . . . . . . . . . . . . . . Teleports 8 | . . . . . . . . . . . . . . . . . . . . . . . . . . 1 7 . . Exploration Rate (%) 52 | 4 13 27 34 82 89 90 14 95 16 62 92 68 66 10 39 80 67 35 75 57 60 55 13 91 50 76 37 34 42 Regions Visited 29 Branch Regions 19 Pre-discovered Areas 8 | . . . . 1 . . . . . . . . 1 . . . . . 1 . 3 . . . . 2 . . . Known Exits Taken 19 | . . . . . . . . . 1 1 1 1 1 1 1 1 1 1 1 1 1 1 1 1 . 1 1 1 . Unknown Exits Taken 8 | 1 1 1 1 1 1 1 . . . . . . . . . . . . . . . . . . 1 . . . . Scrap Searched 27 | . . 1 . 1 4 3 . . . 1 4 . 2 . 2 . 2 . 2 4 . 1 . . . . . . . Spaces Dug 139 | . . . . . . 6 5 . . . 17 . . 5 . 1 . 12 3 . . . 5 11 13 18 9 19 15 Terrain Destroyed 2936 | . . . 70 13 . 21 5 . 21 35 87 . 170 60 . 302 183 151 28 . . 182 5 156 364 25 39 860 159 Melee 94 | . . . . . . . 5 . . . . . . 5 . 1 . 10 3 . . . 4 8 13 13 6 15 11 Projectile 104 | . . . . . . 1 . . . . . . . . . . 16 2 . . . . 1 8 . 12 6 35 23 AOE 2697 | . . . 70 13 . 20 . . 21 35 87 . 170 55 . 301 167 139 25 . . 182 . 130 341 . 6 810 125 Terrain Rammed . | . . . . . . . . . . . . . . . . . . . . . . . . . . . . . . Walls Destroyed . | . . . . . . . . . . . . . . . . . . . . . . . . . . . . . . Machines Disabled . | . . . . . . . . . . . . . . . . . . . . . . . . . . . . . . Actions | -11 -10 -10 -9 -9 -7 -6 -6 -6 -6 -6 -6 -6 -5 -5 -5 -5 -4 -4 -4 -4 -4 -3 -3 -3 -2 -2 -2 -1 -1 --------- Run | Yrd Mat Min Mat Min Zio Pro Fac Was Fac Low Low Dat Pro Fac Upp War Pro Fac Upp Upp Zhi Pro Res Tes Res Qua Frg Acc Com Total 28284 | 64 81 121 502 323 968 871 548 416 517 593 857 96 1328 407 305 1710 671 1938 1020 412 213 393 550 1093 1885 1186 3157 3350 2709 Wait 1577 | . . . . . 76 . . 42 11 67 35 19 81 9 . 258 2 285 91 . 16 38 26 68 29 60 187 20 157 Move 23892 | 55 59 98 435 288 873 798 468 363 485 520 804 77 1080 363 297 1351 609 1487 923 409 170 322 454 895 1627 1024 2380 2961 2217 Hop 1 | . . . . . . . . . . . . . . . . . . 1 . . . . . . . . . . . Pick Up 308 | 3 5 4 18 6 7 9 11 1 4 . 1 . 8 7 3 13 2 18 . . 6 3 5 9 22 15 78 26 24 Fast Attach 225 | 6 . 1 2 . . 3 8 . 1 . 1 . 2 1 . 7 4 19 . . 6 2 14 8 25 5 44 33 33 Attach 250 | . 1 2 5 2 1 8 10 . . . . . 2 2 2 13 5 9 . . 3 5 1 7 26 5 67 30 44 Detach 93 | . . . . 1 . 2 2 . . . . . . . . 5 4 2 . . . 3 . 1 12 1 29 17 14 Swap 203 | . . . 5 2 3 9 10 1 . 2 3 . 5 5 1 11 1 14 1 1 1 5 4 14 21 8 43 20 13 Drop 344 | . . 1 1 2 8 7 23 2 5 . 2 . 8 4 2 19 1 27 . . 10 5 14 17 34 24 77 26 25 Fire 683 | . 16 15 36 22 . 29 1 . 3 4 8 . 23 3 . 32 37 13 1 . . 8 1 24 51 17 136 138 65 Melee 505 | . . . . . . . 15 . 8 . 3 . 16 13 . 1 6 52 4 2 1 2 31 50 38 27 83 68 85 Ram 1 | . . . . . . . . . . . . . . . . . . . . . . . . . . . . . 1 Kick . | . . . . . . . . . . . . . . . . . . . . . . . . . . . . . . Crush . | . . . . . . . . . . . . . . . . . . . . . . . . . . . . . . Escape Stasis 81 | . . . . . . . . . . . . . . . . . . 11 . . . . . . . . 33 11 26 Rewire 121 | . . . . . . 6 . 7 . . . . 103 . . . . . . . . . . . . . . . 5 Trap . | . . . . . . . . . . . . . . . . . . . . . . . . . . . . . . Miscellaneous . | . . . . . . . . . . . . . . . . . . . . . . . . . . . . . . Route ------- -11/Scrapyard -10/Materials -10/Mines -9/Materials -9/Mines (discovered 3 exits: [*Mat x2] / [*Zio]) -7/Zion -6/Proximity Caves -6/Factory -6/Waste -6/Factory -6/Lower Caves -6/Lower Caves (discovered 2 exits: *Fac / *Dat) -6/Data Miner -5/Proximity Caves -5/Factory (discovered 2 exits: *Upp / Ext) -5/Upper Caves -5/Warlord -4/Proximity Caves -4/Factory (discovered 4 exits: *Res x3 / *Upp) -4/Upper Caves -4/Upper Caves -4/Zhirov -3/Proximity Caves -3/Research (discovered 3 exits: Res x2 / *Tes) -3/Testing -2/Research (discovered 2 exits: *Acc / *Qua) -2/Quarantine (discovered 2 exits: [*Sec] / *Frg) -2/Protoforge -1/Access -1/Command History --------- Turn | Location | Event 26 | -11/Scrapyard | Discovered new exit (range 16) 99 | -11/Scrapyard | Entered Materials 99 | -10/Materials | Discovered new exit (range 14) 243 | -10/Materials | Entered Mines 291 | -10/Mines | Core integrity fell below 50% 302 | -10/Mines | Build established: Mutant 389 | -10/Mines | Discovered new exit (range 14) 392 | -10/Mines | Assembled infested the area 397 | -10/Mines | Assisted by a Guerilla fighting off Assembled 446 | -10/Mines | Entered Materials 446 | -9/Materials | Evolved 2 slots: Propulsion x1, Utility x1 1017 | -9/Materials | Discovered new exit (range 15) 1556 | -9/Materials | Entered Mines 1575 | -9/Mines | Discovered new exit (range 11) 1800 | -9/Mines | Learned location of Zion (-7) 1905 | -9/Mines | Found a damaged Exp. Sensor Array with a note attached 1909 | -9/Mines | Found Prototype Device 1911 | -9/Mines | Identified Exp. Sensor Array 2036 | -9/Mines | Discovered new exit (range 11) 2297 | -9/Mines | A Derelict revealed a hidden shortcut to a safe place 2322 | -9/Mines | Entered Zion 2459 | -7/Zion | Gained Derelict followers 2565 | -7/Zion | Discovered new exit (range 16) 2786 | -7/Zion | Gained Derelict followers 2870 | -7/Zion | Gained Derelict followers 2998 | -7/Zion | Learned Factory scanalyzer intel 3044 | -7/Zion | Given A8's code to call for help 3144 | -7/Zion | Found CR-A16's Pointy Stick 3376 | -7/Zion | Learned Factory trap positions 3856 | -7/Zion | Met Imprinter 3895 | -7/Zion | Imprinted 3897 | -7/Zion | Declared Zion's savior 4129 | -7/Zion | Learned Factory emergency access door positions 4510 | -7/Zion | Entered Proximity Caves 4510 | -6/Proximity Caves | Accompanied by 14 allies 4512 | -6/Proximity Caves | Spotter reported a threat 4513 | -6/Proximity Caves | Spotter reported a threat 4585 | -6/Proximity Caves | Spotted B-75 Beast 4602 | -6/Proximity Caves | Allies destroyed B-75 Beast 4689 | -6/Proximity Caves | Learned Factory emergency access door positions 4850 | -6/Proximity Caves | Learned 8 Factory zone layouts 6015 | -6/Proximity Caves | Attracted the attention of an 0b10 outpost 6061 | -6/Proximity Caves | Core integrity fell below 50% 6093 | -6/Proximity Caves | Lost 6 parts (2p3n1w) 6147 | -6/Proximity Caves | Discovered new exit (range 12) 6357 | -6/Proximity Caves | Entered Factory 6357 | -6/Factory | Accompanied by 4 allies 6357 | -6/Factory | Evolved 6 slots: Propulsion x3, Utility x3 6359 | -6/Factory | Loaded intel: 110 trap records 6361 | -6/Factory | Loaded intel: 4 scanalyzer locations 6475 | -6/Factory | Zion Hover Resupply teleported in 6546 | -6/Factory | Retrieved Zion intel report: Prototype Stockpiles 6637 | -6/Factory | Retrieved Zion intel report: Guard Positions 6638 | -6/Factory | Zion Demo squad teleported in 6707 | -6/Factory | Manually triggered Chute Trap 6707 | -6/Factory | Sucked down chute 6707 | -6/Factory | Entered Waste 6708 | -6/Waste | Joined by Warlord forces that had cleared the area 6777 | -6/Waste | A Compactor rumbled back to life 6777 | -6/Waste | Spotted C-40 Crusher 6779 | -6/Waste | Allies destroyed C-40 Crusher 6791 | -6/Waste | Discovered new exit (range 13) 6890 | -6/Waste | Identified exit to Factory 6934 | -6/Waste | Entered Factory 6934 | -6/Factory | Accompanied by 19 allies 7048 | -6/Factory | Lost 4 allies 7111 | -6/Factory | Zion Light squad teleported in 7153 | -6/Factory | Discovered new exit (range 15) 7159 | -6/Factory | Identified exit to Lower Caves 7213 | -6/Factory | Entered Lower Caves 7213 | -6/Lower Caves | Accompanied by 6 allies 7278 | -6/Lower Caves | Identified exit to Lower Caves 7545 | -6/Lower Caves | Entered another Lower Caves area 7545 | -6/Lower Caves | Accompanied by 6 allies 7563 | -6/Lower Caves | Learned Factory emergency access door positions 7589 | -6/Lower Caves | Discovered new exit (range 9) 7722 | -6/Lower Caves | Learned 4 Factory zone layouts 7868 | -6/Lower Caves | Discovered new exit (range 15) 7973 | -6/Lower Caves | Identified exit to Data Miner 8008 | -6/Lower Caves | Entered Data Miner 8008 | -6/Data Miner | Accompanied by 4 allies 8008 | -6/Data Miner | Discovered new exit (range 6) 8018 | -6/Data Miner | Met Data Miner 8034 | -6/Data Miner | Received God Mode back door access code from Data Miner 8045 | -6/Data Miner | Identified exit to Proximity Caves 8064 | -6/Data Miner | Entered Proximity Caves 8064 | -5/Proximity Caves | Accompanied by 4 allies 8066 | -5/Proximity Caves | Spotter reported a threat 8067 | -5/Proximity Caves | Spotter reported a threat 8228 | -5/Proximity Caves | Learned location of Armory (-4) 8373 | -5/Proximity Caves | Destroyed 8 combat bots 8379 | -5/Proximity Caves | Snuck into a huge 0b10 base via the rear entrance 8408 | -5/Proximity Caves | Derelicts attacked a huge 0b10 base 8435 | -5/Proximity Caves | Discovered new exit (range 11) 8438 | -5/Proximity Caves | Enhanced Grunt warped into view, answering call for help 8440 | -5/Proximity Caves | Enhanced Grunt warped into view, answering call for help 8448 | -5/Proximity Caves | Identified exit to Factory 8463 | -5/Proximity Caves | Lost 3 allies 8571 | -5/Proximity Caves | Lost 3 allies 8708 | -5/Proximity Caves | Spotted B-75 Beast 8720 | -5/Proximity Caves | Allies destroyed B-75 Beast 8812 | -5/Proximity Caves | Build established: Commander-Mutant 8930 | -5/Proximity Caves | Entered Factory 8930 | -5/Factory | Accompanied by 11 allies 8930 | -5/Factory | Evolved 2 slots: Power x1, Propulsion x1 8931 | -5/Factory | Identified exit to Extension 8931 | -5/Factory | Identified exit to Upper Caves 8999 | -5/Factory | Fabricated Cmb. Gravmag System? 9077 | -5/Factory | Retrieved Zion intel report: Unaware Analyses 9078 | -5/Factory | Zion Heavy squad teleported in 9141 | -5/Factory | Zion dispatch access revoked 9155 | -5/Factory | Found Prototype Launcher 9155 | -5/Factory | Identified Scatter Rocket Array 9159 | -5/Factory | Found Scatter Rocket Array 9204 | -5/Factory | Incoming investigation squad redirected 9218 | -5/Factory | Entered Upper Caves 9218 | -5/Upper Caves | Accompanied by 1 ally 9366 | -5/Upper Caves | Build established: Mutant 9390 | -5/Upper Caves | A Derelict revealed a hidden shortcut to "reach the base" 9394 | -5/Upper Caves | Identified exit to Warlord 9395 | -5/Upper Caves | Entered Warlord 9416 | -5/Warlord | System corruption cleaned by Quarantine Array 9654 | -5/Warlord | Warlord's base attacked by MAIN.C 9663 | -5/Warlord | Found Prototype Energy Cannon 9663 | -5/Warlord | Identified Vortex Cannon 9716 | -5/Warlord | Found Prototype Device 9716 | -5/Warlord | Identified Exp. Phase Shifter 9720 | -5/Warlord | Found Prototype Reactor 9720 | -5/Warlord | Identified Vortex Chain Reactor 9729 | -5/Warlord | Found Prototype Device 9729 | -5/Warlord | Identified Thermal Barrier 9738 | -5/Warlord | Found Prototype Processor 9738 | -5/Warlord | Identified Exp. Armor Integrity Analyzer 9907 | -5/Warlord | Warlord forces counterattacked 9929 | -5/Warlord | Destroyed 7 combat bots 9987 | -5/Warlord | Spotted Striker 10016 | -5/Warlord | Lost 12 allies 10070 | -5/Warlord | Spotted Executioner 10131 | -5/Warlord | Lost 15 allies 10228 | -5/Warlord | Spotted Executioner 10239 | -5/Warlord | Destroyed Executioner 10290 | -5/Warlord | Spotted Executioner 10291 | -5/Warlord | Spotted Executioner 10329 | -5/Warlord | Warlord base infiltrated, sounded retreat 10341 | -5/Warlord | Spotted Executioner 10373 | -5/Warlord | Lost 3 allies 10374 | -5/Warlord | Spotted Striker 10380 | -5/Warlord | Spotted Executioner 10384 | -5/Warlord | Destroyed Executioner 10404 | -5/Warlord | Discovered new exit (range 9) 10440 | -5/Warlord | Rebuked by Warlord 10498 | -5/Warlord | Spotted Striker 10520 | -5/Warlord | Destroyed 8 combat bots 10527 | -5/Warlord | Identified exit to Proximity Caves 10545 | -5/Warlord | Entered Proximity Caves 10597 | -4/Proximity Caves | Spotted B-86 Titan 10675 | -4/Proximity Caves | Revealed the true nature of CR-A16's Pointy Stick 10678 | -4/Proximity Caves | Destroyed B-86 Titan 10874 | -4/Proximity Caves | Learned location of 1 exit from Research 10941 | -4/Proximity Caves | Build established: Scavenger-Mutant 10977 | -4/Proximity Caves | Discovered new exit (range 9) 10983 | -4/Proximity Caves | Identified exit to Factory 10994 | -4/Proximity Caves | Entered Factory 10994 | -4/Factory | Evolved 2 slots: Utility x2 11124 | -4/Factory | Found Launcher Loader 11135 | -4/Factory | Garrison activated, responded to threat 11171 | -4/Factory | Zion Melee Resupply teleported in 11301 | -4/Factory | Zion Heavy squad teleported in 11349 | -4/Factory | Build established: Scavenger-Scout 11464 | -4/Factory | Fabricated M-36 Artificer? 11520 | -4/Factory | Lost 3 parts (3u) 11721 | -4/Factory | Zion Heavy squad teleported in 11790 | -4/Factory | Build established: Scavenger-Mutant 11793 | -4/Factory | Retrieved Zion intel report: Prototype Schematics 11820 | -4/Factory | Discovered new exit (range 9) 11828 | -4/Factory | Identified exit to Research 11904 | -4/Factory | Discovered exit to Research (range 12) 11994 | -4/Factory | First assault squad dispatched 12016 | -4/Factory | Incoming assault squad redirected 12059 | -4/Factory | Discovered exit to Research (range 6) 12063 | -4/Factory | Zion Light squad teleported in 12103 | -4/Factory | Incoming investigation squad redirected 12178 | -4/Factory | Spotted B-86 Titan 12188 | -4/Factory | Destroyed B-86 Titan 12279 | -4/Factory | Terminal network hard line cut 12284 | -4/Factory | Discovered new exit (range 7) 12286 | -4/Factory | Identified exit to Upper Caves 12287 | -4/Factory | Entered Upper Caves 12319 | -4/Upper Caves | Learned Research trap positions 12338 | -4/Upper Caves | Entered an active Warlord outpost 12340 | -4/Upper Caves | A Commander dispatched an escort 12345 | -4/Upper Caves | Learned location of 1 exit from Research 12345 | -4/Upper Caves | Learned Factory trap positions 12380 | -4/Upper Caves | Acquired the password to a Derelict Tinkerer's latest research 12863 | -4/Upper Caves | Discovered new exit (range 3) 12864 | -4/Upper Caves | Attracted the attention of an 0b10 checkpoint 12864 | -4/Upper Caves | Identified exit to Upper Caves 12864 | -4/Upper Caves | Entered another Upper Caves area 12905 | -4/Upper Caves | Spotted B-86 Titan 12915 | -4/Upper Caves | Destroyed B-86 Titan 13074 | -4/Upper Caves | Discovered new exit (range 10) 13079 | -4/Upper Caves | Identified exit to Zhirov 13080 | -4/Upper Caves | Entered Zhirov 13080 | -4/Zhirov | Discovered new exit (range 3) 13090 | -4/Zhirov | Met Zhirov 13147 | -4/Zhirov | Found Alien Artifact 13147 | -4/Zhirov | Identified Integrated Dissipator 13147 | -4/Zhirov | Installed Integrated Dissipator, increased core heat dissipation (+20) 13160 | -4/Zhirov | Found Alien Artifact 13194 | -4/Zhirov | Learned location of Quarantine (-2) 13194 | -4/Zhirov | Learned location of Testing (-3) 13194 | -4/Zhirov | Learned location of Command (-1) 13199 | -4/Zhirov | Zhirov requested help retrieving the SGEMP Prototype 13213 | -4/Zhirov | Identified exit to Proximity Caves 13214 | -4/Zhirov | Entered Proximity Caves 13416 | -3/Proximity Caves | Spotted B-86 Titan 13440 | -3/Proximity Caves | Build established: Mutant 13440 | -3/Proximity Caves | Destroyed B-86 Titan 13444 | -3/Proximity Caves | Found Unknown Protection 13444 | -3/Proximity Caves | Identified Hvy. Reflective Plating 13472 | -3/Proximity Caves | Discovered exit to Research (range 6) 13476 | -3/Proximity Caves | Entered Research 13476 | -3/Research | Evolved 2 slots: Propulsion x1, Utility x1 13477 | -3/Research | Identified exit to Research 13478 | -3/Research | Loaded intel: 80 trap records 13496 | -3/Research | Zion Hover Resupply teleported in 13545 | -3/Research | Zion Melee Resupply teleported in 13593 | -3/Research | Zion Melee Resupply teleported in 13688 | -3/Research | Discovered new exit (range 11) 13727 | -3/Research | Identified exit to Testing 13776 | -3/Research | Entered Testing 13816 | -3/Testing | Found Fusion Bomb Launcher 13847 | -3/Testing | Spotted PD-BQT8MWS57I 13855 | -3/Testing | Build established: Gladiator 13906 | -3/Testing | Found Prototype Device 13906 | -3/Testing | Identified Exp. Thermal Shield 13919 | -3/Testing | Retrieved Zion intel report: Emergency Access 13946 | -3/Testing | Discovered exit to Research (range 14) 13993 | -3/Testing | Retrieved Zion intel report: Trap Installations 13996 | -3/Testing | Retrieved Zion intel report: Prototype Schematics 14131 | -3/Testing | Found Prototype Ballistic Cannon 14224 | -3/Testing | System corruption reached 10% 14241 | -3/Testing | Identified Perforator 14276 | -3/Testing | First assault squad dispatched 14287 | -3/Testing | Found Prototype Protection 14307 | -3/Testing | Identified Hvy. Regenerative Plating 14369 | -3/Testing | Entered Research 14369 | -2/Research | Evolved 2 slots: Utility x2 14390 | -2/Research | Spotted B-90 Cyclops 14392 | -2/Research | Destroyed B-90 Cyclops 14428 | -2/Research | Spotted B-90 Cyclops 14429 | -2/Research | Lost 3 parts (1n1u1w) 14435 | -2/Research | Destroyed B-90 Cyclops 14444 | -2/Research | Zion Explosive Resupply teleported in 14575 | -2/Research | Build established: Mutant 14643 | -2/Research | Zion Light squad teleported in 14710 | -2/Research | Zion Heavy Resupply teleported in 14858 | -2/Research | Zion Heavy squad teleported in 14869 | -2/Research | First assault squad dispatched 14913 | -2/Research | Lost 3 allies 14913 | -2/Research | Discovered new exit (range 15) 14999 | -2/Research | Destroyed 7 combat bots 15186 | -2/Research | Spotted B-90 Cyclops 15190 | -2/Research | Destroyed B-90 Cyclops 15196 | -2/Research | Zion Heavy squad teleported in 15221 | -2/Research | Build established: Messiah-Mutant 15232 | -2/Research | Zion Zionite Resupply teleported in 15233 | -2/Research | Incoming assault squad redirected 15237 | -2/Research | Found Prototype Protection 15237 | -2/Research | Identified Zio. Weapon Casing 15239 | -2/Research | Found Prototype Energy Cannon 15239 | -2/Research | Identified Zio. Alpha Cannon 15298 | -2/Research | Destroyed 8 combat bots 15299 | -2/Research | Lost 4 parts (1n3u) 15325 | -2/Research | Discovered new exit (range 12) 15340 | -2/Research | Entered Quarantine 15383 | -2/Quarantine | Found Alien Artifact 15383 | -2/Quarantine | Identified Transdimensional Reconstructor (x2) 15383 | -2/Quarantine | Warped through subspace 15456 | -2/Quarantine | Found Alien Artifact 15457 | -2/Quarantine | Found Alien Artifact 15464 | -2/Quarantine | Found Alien Artifact 15516 | -2/Quarantine | Found Alien Slashing Weapon 15527 | -2/Quarantine | Identified Sigix Broadsword 15538 | -2/Quarantine | Spotted Alpha 7 15590 | -2/Quarantine | First assault squad dispatched 15648 | -2/Quarantine | Found Alien Artifact 15709 | -2/Quarantine | Found Gamma Bomb Array 15710 | -2/Quarantine | Retrieved Zion intel report: Branch Access 15712 | -2/Quarantine | Retrieved Zion intel report: Prototype Schematics 15722 | -2/Quarantine | Retrieved Zion intel report: Depthwide Sectors/-2 15731 | -2/Quarantine | Retrieved Zion intel report: Prototype Stockpiles 15738 | -2/Quarantine | Found Alien Artifact 15881 | -2/Quarantine | Spotted Fortress 15933 | -2/Quarantine | Discovered new exit (range 6) 15933 | -2/Quarantine | Discovered new exit (range 6) 15935 | -2/Quarantine | Identified exit to Protoforge 15935 | -2/Quarantine | Entered Protoforge 15955 | -2/Protoforge | Spotted Hotshot 15956 | -2/Protoforge | Spotted Hotshot 15956 | -2/Protoforge | Spotted Hotshot 15957 | -2/Protoforge | Spotted Hotshot 15961 | -2/Protoforge | Destroyed Hotshot 15961 | -2/Protoforge | Destroyed Hotshot 15970 | -2/Protoforge | Destroyed Hotshot 15982 | -2/Protoforge | Destroyed Hotshot 15985 | -2/Protoforge | Spotted Hotshot 15986 | -2/Protoforge | Spotted Hotshot 15986 | -2/Protoforge | Spotted Hotshot 15986 | -2/Protoforge | Spotted Hotshot 15994 | -2/Protoforge | Destroyed Hotshot 15994 | -2/Protoforge | Destroyed Hotshot 15997 | -2/Protoforge | Destroyed Hotshot 16000 | -2/Protoforge | Destroyed Hotshot 16013 | -2/Protoforge | Discovered new exit (range 15) 16018 | -2/Protoforge | Identified Dimensional Node Initializer 16018 | -2/Protoforge | Initialized slip node 16021 | -2/Protoforge | Destroyed 8 combat bots 16029 | -2/Protoforge | Lost 4 parts (2n2u) 16107 | -2/Protoforge | Retrieved Zion intel report: Main Access 16107 | -2/Protoforge | Identified exit to Access 16138 | -2/Protoforge | Superfortress began startup sequence 16146 | -2/Protoforge | Identified Hpw. Transdimensional Reconstructor 16146 | -2/Protoforge | Warped through subspace to slip node 16185 | -2/Protoforge | First assault squad dispatched 16258 | -2/Protoforge | Build established: Scavenger-Mutant 16298 | -2/Protoforge | Identified Terrabomb 16298 | -2/Protoforge | Used Terrabomb 16298 | -2/Protoforge | Additional patrols dispatched to research labs 16326 | -2/Protoforge | System corruption reached 10% 16369 | -2/Protoforge | Found Prototype Device 16397 | -2/Protoforge | Spotted Immortal 16400 | -2/Protoforge | Spotted Immortal 16479 | -2/Protoforge | Spotted Decapitator 16479 | -2/Protoforge | Spotted Decapitator 16479 | -2/Protoforge | Spotted Decapitator 16479 | -2/Protoforge | Spotted Decapitator 16520 | -2/Protoforge | Found Cep. Matter Streamer 16522 | -2/Protoforge | Found Cep. Chromion Battery 16526 | -2/Protoforge | Found Prototype Storage 16526 | -2/Protoforge | Identified Cep. NT7 Matterbank 16535 | -2/Protoforge | Found Cep. NT7 Matterbank 16618 | -2/Protoforge | Destroyed Immortal 16619 | -2/Protoforge | Incoming assault squad redirected 16689 | -2/Protoforge | Destroyed 10 combat bots 16693 | -2/Protoforge | Spotted Hotshot 16698 | -2/Protoforge | Spotted Hotshot 16727 | -2/Protoforge | Found Cep. Antigrav Storage Unit 16888 | -2/Protoforge | Forge Plexus network access discovered 16904 | -2/Protoforge | Found Cep. Zero-point Core 16907 | -2/Protoforge | Found Faulty Cep. Zero-point Core 16915 | -2/Protoforge | Identified Crosscalibrator 16934 | -2/Protoforge | Spotted Decapitator 16934 | -2/Protoforge | Spotted V561-u 16934 | -2/Protoforge | Spotted V809-i 16935 | -2/Protoforge | Spotted Decapitator 16958 | -2/Protoforge | Destroyed V809-i 17029 | -2/Protoforge | Destroyed Decapitator 17075 | -2/Protoforge | Found Cep. Combat Aerolev Unit 17078 | -2/Protoforge | Found Cep. Combat Aerolev Unit 17082 | -2/Protoforge | Found Cep. Gyrokinetic System 17084 | -2/Protoforge | Found Cep. Combat Aerolev Unit 17094 | -2/Protoforge | Found Faulty Cep. Gyrokinetic System 17095 | -2/Protoforge | Found Faulty Cep. Gyrokinetic System 17203 | -2/Protoforge | Incoming assault squad redirected 17217 | -2/Protoforge | Destroyed Decapitator 17219 | -2/Protoforge | Destroyed Decapitator 17219 | -2/Protoforge | Destroyed Decapitator 17219 | -2/Protoforge | Destroyed Decapitator 17231 | -2/Protoforge | Found Cep. Chromion Battery 17235 | -2/Protoforge | Found Cep. Chromion Battery 17256 | -2/Protoforge | System corruption reached 30% 17262 | -2/Protoforge | Core integrity fell below 50% 17282 | -2/Protoforge | Found Cep. Rapid Grenade Launcher 17284 | -2/Protoforge | Found Cep. Rapid Grenade Launcher 17319 | -2/Protoforge | Spotted V342-r 17340 | -2/Protoforge | Destroyed V342-r 17346 | -2/Protoforge | Found Faulty Cep. Tiamat Rocket Array 17361 | -2/Protoforge | Destroyed 8 combat bots 17383 | -2/Protoforge | Spotted Hotshot 17389 | -2/Protoforge | Spotted Hotshot 17391 | -2/Protoforge | Destroyed Hotshot 17391 | -2/Protoforge | Destroyed Hotshot 17393 | -2/Protoforge | Spotted Hotshot 17396 | -2/Protoforge | Spotted Hotshot 17401 | -2/Protoforge | Destroyed Hotshot 17403 | -2/Protoforge | Destroyed Hotshot 17425 | -2/Protoforge | Spotted V272-t 17431 | -2/Protoforge | Found Exp. Jetlance 17433 | -2/Protoforge | Found Cep. Plasma Driver 17438 | -2/Protoforge | Found Exp. Jetlance 17443 | -2/Protoforge | Found Faulty Cep. Plasma Driver 17444 | -2/Protoforge | Terminal network hard line cut 17459 | -2/Protoforge | Spotted Decapitator 17459 | -2/Protoforge | Spotted Decapitator 17459 | -2/Protoforge | Spotted Decapitator 17461 | -2/Protoforge | Destroyed Decapitator 17463 | -2/Protoforge | Incoming assault squad redirected 17463 | -2/Protoforge | Destroyed Decapitator 17483 | -2/Protoforge | Found Cep. Weapon Articulator 17487 | -2/Protoforge | Found Cep. Melee Reflex Suite 17498 | -2/Protoforge | Found Femtoactuators 17519 | -2/Protoforge | Build established: Scavenger-Sprinter 17525 | -2/Protoforge | Spotted Immortal 17525 | -2/Protoforge | Spotted Immortal 17537 | -2/Protoforge | Destroyed Immortal 17540 | -2/Protoforge | Destroyed Immortal 17545 | -2/Protoforge | Spotted V260-x 17551 | -2/Protoforge | Spotted V865-q 17552 | -2/Protoforge | Destroyed V865-q 17554 | -2/Protoforge | Found Cep. Zero-point Core 17556 | -2/Protoforge | Found Cep. Reaction Jets 17559 | -2/Protoforge | Found Exp. Force Field 17626 | -2/Protoforge | Spotted AP7-3 17626 | -2/Protoforge | Spotted AP7-3 17650 | -2/Protoforge | Destroyed AP7-3 17660 | -2/Protoforge | Destroyed AP7-3 17663 | -2/Protoforge | Found Prototype Processor 17663 | -2/Protoforge | Identified Exp. Target Analyzer 17674 | -2/Protoforge | Found Cep. Impact Drone Bay 17675 | -2/Protoforge | Lost 3 parts (1n2u) 17677 | -2/Protoforge | Found Faulty Cep. Impact Drone Bay 17679 | -2/Protoforge | Found Faulty Cep. Cloak Mesh 17682 | -2/Protoforge | Found Faulty Cep. Cloak Mesh 17691 | -2/Protoforge | Found Prototype Device 17691 | -2/Protoforge | Identified Exp. ECM Suite 17694 | -2/Protoforge | Incoming investigation squad redirected 17766 | -2/Protoforge | Found Cep. Nanofilaments [Endoweave] 17766 | -2/Protoforge | Installed Cep. Nanofilaments [Endoweave], 5 resistances modified: KI +10%, TH +10%, EX -50%, S -20%, P +20% 17771 | -2/Protoforge | Found Transdimensional Reconstructor 17776 | -2/Protoforge | Found Cep. Navigation Harness 17809 | -2/Protoforge | Destroyed Decapitator 17961 | -2/Protoforge | Entered Access 17961 | -1/Access | Evolved 2 slots: Power x1, Utility x1 17962 | -1/Access | Identified Subatomic Replicator 17962 | -1/Access | Used Subatomic Replicator to replicate Faulty Cep. Tiamat Rocket Array 18072 | -1/Access | Unchained authorized (DW-4LL) 18180 | -1/Access | Retrieved Zion intel report: Branch Access 18180 | -1/Access | Identified exit to Command 18181 | -1/Access | Zion Zionite Resupply teleported in 18186 | -1/Access | Found Prototype Protection 18187 | -1/Access | Identified Zio. Weapon Casing 18211 | -1/Access | First assault squad dispatched 18280 | -1/Access | High security lockdown imminent 18328 | -1/Access | DW-4LL burst out of a wall 18360 | -1/Access | High security lockdown engaged 18383 | -1/Access | Energy Cycler disabled 18408 | -1/Access | Allies destroyed DW-4LL 18413 | -1/Access | Found ID Mask 18433 | -1/Access | Spotted Striker 18433 | -1/Access | Spotted Striker 18433 | -1/Access | Spotted Executioner 18445 | -1/Access | Destroyed Striker 18449 | -1/Access | Destroyed Striker 18453 | -1/Access | Destroyed Executioner 18475 | -1/Access | Destroyed Striker 18496 | -1/Access | Destroyed 14 combat bots 18514 | -1/Access | Spotted Investigator 18515 | -1/Access | Spotted Executioner 18515 | -1/Access | Scanned by Researcher 18517 | -1/Access | Destroyed Investigator 18520 | -1/Access | Destroyed Executioner 18520 | -1/Access | Destroyed Executioner 18575 | -1/Access | Spotted Striker 18589 | -1/Access | Allies destroyed Striker 18594 | -1/Access | System corruption reached 10% 18607 | -1/Access | Destroyed 11 combat bots 18664 | -1/Access | Spotted Striker 18664 | -1/Access | Spotted Striker 18665 | -1/Access | Spotted Striker 18671 | -1/Access | Destroyed Striker 18678 | -1/Access | Allies destroyed Striker 18684 | -1/Access | Allies destroyed Striker 18761 | -1/Access | Destroyed 17 combat bots 18857 | -1/Access | Destroyed 7 combat bots 18868 | -1/Access | Spotted Striker 18868 | -1/Access | Spotted Executioner 18876 | -1/Access | Destroyed Executioner 18876 | -1/Access | Destroyed Striker 18922 | -1/Access | Spotted Striker 18922 | -1/Access | Spotted Executioner 18926 | -1/Access | Destroyed Striker 18934 | -1/Access | Destroyed Executioner 18940 | -1/Access | Spotted Striker 18942 | -1/Access | Destroyed Striker 18951 | -1/Access | Spotted Executioner 18957 | -1/Access | Destroyed Executioner 18966 | -1/Access | Spotted Striker 18966 | -1/Access | Spotted Striker 18968 | -1/Access | Destroyed Striker 18983 | -1/Access | Destroyed Striker 18997 | -1/Access | Spotted Striker 18997 | -1/Access | Spotted Executioner 19001 | -1/Access | Destroyed Striker 19003 | -1/Access | Destroyed Executioner 19005 | -1/Access | Lost 6 parts (1p1n4u) 19024 | -1/Access | Destroyed 41 combat bots 19054 | -1/Access | Found Quantum Capacitor 19092 | -1/Access | Spotted Executioner 19096 | -1/Access | Garrison activated, responded to threat 19101 | -1/Access | Sterilization system engaged 19327 | -1/Access | Spotted B-99 Colossus 19401 | -1/Access | Ambient heat levels rising (+10) 19469 | -1/Access | System corruption reached 30% 19481 | -1/Access | ID Mask engaged 19502 | -1/Access | Found Adv. Force Booster 19504 | -1/Access | Found Adv. Force Booster 19541 | -1/Access | Spotted Striker 19551 | -1/Access | Ambient heat levels rising (+10) 19562 | -1/Access | ID Mask no longer valid 19562 | -1/Access | Spotted Executioner 19579 | -1/Access | Spotted Striker 19623 | -1/Access | Entered Command 19630 | -1/Command | Found Quantum Capacitor 19672 | -1/Command | Incoming investigation squad redirected 19770 | -1/Command | Retrieved Zion intel report: Active Terminals 19873 | -1/Command | First assault squad dispatched 19997 | -1/Command | Disengaged cave seal 19997 | -1/Command | Zionites emerged from the dark tunnel 20108 | -1/Command | High security lockdown imminent 20133 | -1/Command | Spotted Combat Programmer 20133 | -1/Command | Spotted Combat Programmer 20142 | -1/Command | Destroyed Combat Programmer 20146 | -1/Command | Destroyed Combat Programmer 20158 | -1/Command | Found Prototype Protection 20158 | -1/Command | Identified Zio. Shade Carapace 20165 | -1/Command | Found Zio. Shade Carapace 20186 | -1/Command | Spotted M Guard 20188 | -1/Command | High security lockdown engaged 20219 | -1/Command | Destroyed M Guard 20224 | -1/Command | Found Thermal Barrier 20225 | -1/Command | Found Exp. Targeting Computer 20247 | -1/Command | Spotted M Guard 20269 | -1/Command | Allies destroyed M Guard 20269 | -1/Command | All MAIN.C guards destroyed 20296 | -1/Command | Lost 6 parts (2n3u1w) 20333 | -1/Command | Spotted Striker 20333 | -1/Command | Spotted Striker 20337 | -1/Command | Spotted Investigator 20346 | -1/Command | Allies destroyed Investigator 20346 | -1/Command | Spotted Executioner 20346 | -1/Command | Spotted Executioner 20357 | -1/Command | Allies destroyed Striker 20430 | -1/Command | Allies destroyed Executioner 20478 | -1/Command | Spotted Striker 20483 | -1/Command | P-80 Master assimilated allied 4M-GKD(M) 20485 | -1/Command | Spotted Striker 20486 | -1/Command | Murdered Z-Experimental 20503 | -1/Command | Allies destroyed Striker 20511 | -1/Command | Murdered Z-Experimental 20541 | -1/Command | Lost 6 allies 20589 | -1/Command | Found Prototype Launcher 20589 | -1/Command | Identified Ragnarok Missile Launcher 20861 | -1/Command | Spotted Striker 20895 | -1/Command | Allies destroyed Striker 20907 | -1/Command | Lost 10 parts (1p4n5u) 21021 | -1/Command | Core integrity fell below 50% 21025 | -1/Command | Spotted Striker 21033 | -1/Command | Spotted Executioner 21036 | -1/Command | Allies destroyed Striker 21038 | -1/Command | Spotted Executioner 21044 | -1/Command | Allies destroyed Executioner 21046 | -1/Command | Allies destroyed Executioner 21055 | -1/Command | Spotted Striker 21056 | -1/Command | Spotted Executioner 21061 | -1/Command | Spotted Executioner 21071 | -1/Command | Self-destructed Last Messages --------------- 21063_ Slug penetrates Wall. 21063_ P-80 Master destroyed. 21063_ G-73 Enforcer destroyed. 21063_ Destroyed Wheel. 21063_ Destroyed Machine Analyzer. 21063_ Destroyed Wheel. 21064_ Ragnarok Missile Launcher destroyed. 21064_ Adv. Heat Sink destroyed. 21064_ Adv. Corruption Screen intercepted 1% system corruption. 21065_ The unstable cave ceiling collapses. 21067_ >> Reconnected with Impact Drone. 21068_ G-73 Enforcer suffers critical hit (Smash). 21068_ Destroyed Adv. Heat Sink. 21068_ G-73 Enforcer system corrupted by crushing effect. 21070_ Cep. Impact Drone Bay destroyed. 21070_ Penetrated by Slug. 21070_ Exp. Jetlance destroyed. 21070_ >> Lost connection to Impact Drone. 21071_ System corrupted: Heat flow error (+226). 21071_ The unstable cave ceiling collapses. Map ----- +----------------------------------------------------+ | #??????#" " # + #??????? | | #??????#" # #### #######??????? | | ##?????##" " ###+####"#####??# #????????????? | | ???????#""" """ # #??# #????????????? | | ????????# " ##### # #??# #????????????? | | ????????# #???# # #??# ###########??? | | #######?# #???# + #??# # #??? | | #?# #???# # =#??# # #??? | | #?##### ######### # #??# # ???? | | #?????# # ## ########??# # "" "" ????? | | * * #?????# # ## #??######## # ""T"" #??? | | #?????# + ## #??# # # """ #??? | | """"######### # ## #??# # + #??? | | = # / ## #??# # # / #??? | | %" ###### i ##=#??# # ###########??? | | " ########/#;###%#### [# #???? | | # = =####? # #####?????? | | # ! C[ =m ####+### #?????????? | | # =%%= % % #?????????? | | ### # " ! # +### #?????????? | | #"%" "%" m[ E # # #?????????? | | # % "######### m p| # #?######### | | # =%hg"########## K # #?# | | + =*%pb%glg=%%!=*[%= b # ^ ### | | ######g##b######*## ###### ^ # "" | | ## %#????#%##%= !@ #???# # """" | | ##= g lb#????#*## */ #???# + """" | | ## n######*## % #???# # "" | | #### ! /i%= =## < #???# # | | #??############### ## ###########+### | | #????????????????# ## ; + # | | #????????????????# ########### #### ! ######### | | #????????????????# #?????????# #??# #???????? | | #??????????????### ###???????# #??# #???????? | | #??????????????# #???????# #??# #???????? | | #??????????????# ######### #??# #???????? | | #??????????????# " #??########???????? | | #??????????????#! #### ######?????????????????? | | #??????????????# #??# #??????????????????????? | | #??????????????########## #??????????????????????? | | #??????????????# # #??????????????????????? | | #??????????????#= # #??????????????????????? | | #??????????????# " #??????????????????????? | | #??????????????# # #??????????????????????? | | #??????????????# # #??????????????????????? | | ???????????????#######+## #??????????????????????? | | ????????" #??????????????????????? | | ???????????????########## #??????????????????????? | | ######??????????????????# #??????????????????????? | | #??????????????????# #??????????????????????? | +----------------------------------------------------+ Best States ------------- Heat Dissipation 224 Coolant Potential 120 Energy Generation 89 Energy Capacity 3000 Matter Stores 325 Matter Capacity 1050 Sight Range 16 Robot Scan Range 20 Terrain Scan Density 10 ECM Strength 1 Jamming Range 16 Cloak Strength 9 Power Amplification 30 Additional Mass Support 20 Base Temperature (-) 200 EM Shielding 2 Corruption Block 20 Armor Coverage 1000 Resistance: KI 30 Resistance: TH 60 Resistance: EM 20 Resistance: I 20 Resistance: P 40 Power Shielding 90 Propulsion Shielding 90 Weapon Shielding 100 Melee Speed Boost 50 Phase Shifting 20 Evasion (%) 86 Targeting Accuracy 30 Melee Accuracy 8 Launcher Accuracy 30 Target Analysis 10 Core Analysis 6 Armor Integrity Analysis 40 Recoil Reduction 3 Matter Filtering 30 Particle Charging 25 Force Boost 40 Offensive Hacking 36 Item Schematics ----------------- Cmb. Airjet | -9/Materials | Scanalyzed Combat Drone Bay | -6/Data Miner | Free Lgt. Regenerative Plating | -6/Data Miner | Free Cld. Gravmag System | -6/Data Miner | Free Imp. Matter Compressor | -6/Data Miner | Free Hvy. Gatling Laser | -6/Data Miner | Free Field Propulsion Array | -6/Data Miner | Free Adv. Particle Charger | -6/Data Miner | Free Matter Neutralizer | -6/Data Miner | Free Cmb. Gravmag System | -6/Data Miner | Free Hvy. Gauss Cannon | -6/Data Miner | Free Nova Cannon | -6/Data Miner | Free Tiamat Missile Launcher | -4/Factory | Z-intel Mni. Fusion Reactor | -4/Factory | Z-intel Cld. Aerolev Unit | -4/Factory | Z-intel Enh. Armored Medium Treads | -4/Factory | Z-intel Hvy. Wave Gun | -4/Factory | Z-intel Cld. Plasma Rifle | -4/Factory | Z-intel Exp. Optical Array | -4/Factory | Z-intel Cld. Phase Gun | -4/Factory | Z-intel Adv. Plasma Rifle | -4/Factory | Z-intel Ionic Axe | -4/Factory | Z-intel Assault Drone Bay | -4/Zhirov | Free Exp. Heat Sink | -4/Zhirov | Free Imp. Arc Thrower | -4/Zhirov | Free Diametric Drive | -3/Testing | Z-intel Centrium Heavy Armor Plating | -3/Testing | Z-intel Hds. Centrium Wheel | -3/Testing | Z-intel Exp. Targeting Computer | -3/Testing | Z-intel Exp. Propulsion Shielding | -3/Testing | Z-intel Hvy. Proton Missile Launcher | -3/Testing | Z-intel Cld. Antimatter Reactor | -3/Testing | Z-intel Adv. Thermal Defense Suite | -3/Testing | Z-intel Enh. Coil Gun | -3/Testing | Z-intel Cld. Impulse Thruster | -3/Testing | Z-intel Smartbomb Launcher | -3/Testing | Z-intel Exp. Energy Well | -3/Testing | Archive Adv. EM Disruption Field | -3/Testing | Archive Hds. Centrium Leg | -2/Quarantine | Z-intel Centrium Heavy Treads | -2/Quarantine | Z-intel Enh. Gamma Bomb Array | -2/Quarantine | Z-intel Hvy. Proton Cannon | -2/Quarantine | Z-intel Exp. System Shield | -2/Quarantine | Z-intel Zero-point Reactor | -2/Quarantine | Z-intel Exp. Core Analyzer | -2/Quarantine | Z-intel Adv. Quantum Shading Machine | -2/Quarantine | Z-intel Exp. Power Amplifier | -2/Protoforge | Archive Gravity Flail | -2/Protoforge | Archive Exp. Matter Compressor | -2/Protoforge | Archive Point Singularity Launcher | -2/Protoforge | Archive Robot Schematics ------------------ M-22 Extractor | -6/Data Miner | Free S-27 Virus | -6/Data Miner | Free A-15 Conveyor | -6/Data Miner | Free B-60 Warrior | -6/Data Miner | Free R-10 Processor | -6/Data Miner | Free O-32 Director | -6/Data Miner | Free X-67 Chaingunner | -6/Data Miner | Free M-36 Artificer | -6/Data Miner | Free A-27 Freighter | -3/Testing | Archive P-80 Master | -2/Protoforge | Archive Fabricated ------------ Cmb. Gravmag System | x2 | -5/Factory M-36 Artificer | x1 | -4/Factory Repaired ---------- Nothing Studied --------- Mni. Grenade Launcher | -9/Materials | Hacked Alien Tech Used ----------------- Integrated Dissipator Transdimensional Reconstructor Sigix Broadsword Dimensional Node Initializer High-powered Transdimensional Reconstructor Terrabomb Concept Nanofilaments [Endoweave] Subatomic Replicator Achievements -------------- I'm Outta Here, Maybe The Better Part Of Valor Worth The Wait Challenges ------------ None Game ------ Seed ElectrostormRemoteUnit Manual? 0 Play Time 05:50:41 Cumulative 455.2 hours Start 2026.04.14 @ 11:53:00 End 2026.04.14 @ 20:08:14 Sessions 5 Manual Loads 0 Difficulty Rogue Special Mode None Game No. 402 Rogue 366 Adventurer 36 Explorer 0 Win Type - Total 18 Types 9/0/9/0/0/0/0/0/0/0 Lore% 73 Gallery% 83 Achievement% 67 Wizard Run 0 Options --------- Layout 0 ASCII 0 Keyboard 0 Movement Mouse Keybinds 0 Fullscreen 1 Font 18/SmallcapsGlow Map View 76x50 Zoom Use 0% Tactical HUD 1 Map Filters NONE Filters NONE Steam 1 RUN: 0df5a625-7bd8-4156-a358-f5cfc06adc36